Workbook

Sheet mod. SITUAM 2024
A1: mod. SITUAM (previsto dall'art. 42)
A3: SITUAZIONE AMMINISTRATIVA
A6: Consistenza della cassa all'inizio dell'esercizio | I6: 256891192
A9: Riscossioni | C9: in c/competenza | G9: ='Stampa rendiconto PI - ENTR'!$I$105 -> 35817725
C10: in c/residui | G10: ='Stampa rendiconto PII - ENTRATE'!F105 -> 5708458 | I10: =G9+G10 -> 41526183
A12: Pagamenti | C12: in c/competenza | G12: ='Stampa rendiconto PI - USC '!$I$143 -> 32202356
C13: in c/residui | G13: ='Stampa rendiconto PII - USCITE'!F143 -> 17264535 | I13: =G12+G13 -> 49466891
A15: Consistenza della cassa alla fine dell'esercizio | I15: =I6+I10-I13 -> 248950484 | Z15: =217053660-1301860-15146 -> 215736654
A18: Residui attivi | C18: degli esercizi precedenti | G18: ='Stampa rendiconto PII - ENTRATE'!G105 -> 14428956
C19: dell'esercizio | G19: ='Stampa rendiconto PI - ENTR'!$J$105 -> 36333022 | I19: =G18+G19+J19 -> 50761978
A21: Residui passivi | C21: degli esercizi precedenti | G21: ='Stampa rendiconto PII - USCITE'!G143 -> 40201348
C22: dell'esercizio | G22: ='Stampa rendiconto PI - USC '!$J$143 -> 77448562 | I22: =G21+G22 -> 117649910
A24: Avanzo | B24: dell'amministrazione alla fine dell'esercizio | I24: =I15+I19-I22 -> 182062552
A25: Disavanzo
A29: L'utilizzazione dell'avanzo di amministrazione per l'esercizio 2024 risulta così prevista:
A31: Parte vincolata
A32: al Trattamento di fine rapporto | I32: 2525730
A33: ai Fondi per rischi ed oneri per contenzioso | I33: 4717948
B34: ………………………………….
A35: al Fondo ripristino investimenti | K35: SEC
A36: per i seguenti altri vincolii | J36: 8422845.3 | N36: delibera cipe diga e darsena al netto degli edifici
B37: ………………………………… | J37: 38008587 | K37: 4036882.8 | L37: =7000000-K37 -> 2963117.2 | M37: 16050298 | N37: 4015587 protocollo dragaggi al netto di 2150000 impegnati
B38: fondo acc.to per crediti di difficile esigibilità | G38: 12586 | M38: =I33-M37 -> -11332350 | S38: inserire il 4° vincolo tecnomecc ed aggiornare i precedenti | Y38: assestato | Z38: art 199 | AA38: 160628
A39: somme vincolate per canoni demaniali | G39: 34714
A40: somme vincolate per deposito merci in porto | G40: 161292
A41: somme vincolate per immobilizzazioni finanziarie | G41: 3080
A42: Regione Puglia - intervento di completamento della messa in sicurezza | G42: 4230655
A43: permanente della falda nell’area Ex Yard Belleli ricompresa nel SIN di Taranto
A44: anticipazione fondo complementare PNRR d.l. 59/2021 | G44: 9523806
E45: Totale parte vincolata | I45: =SUM(G38:G44)+I32+I33 -> 21209811
A46: ……………………………………………………. | I46: ………………
A47: ………………………………………..
J48: =I50-34590000 -> 126262741 | N48: al netto del finanziamento di € 34.590.000 non più disponibile
E50: Totale parte disponibile | I50: =I52-I45 -> 160852741
A52: Totale Risultato di amministrazione al 31/12/2024 | I52: =I24 -> 182062552

Sheet Quadro Generale 
A2: Autorità di Sistema Portuale del Mar Ionio - Porto di Taranto
A4: QUADRO GENERALE RIASSUNTIVO CONSUNTIVO
B7: ENTRATE | D7: Anno 2024 | H7: Anno 2023
D8: COMPETENZA | F8: CASSA | H8: COMPETENZA | J8: CASSA
B9: UPB 1.1 - ENTRATE DERIVANTI DA TRASFERIMENTI CORRENTI | D9: ='decisionale entrate '!D14 -> 0 | F9: ='decisionale entrate '!E14 -> 0 | H9: 36600 | J9: 54250
B10: UPB 1.2 - ENTRATE DIVERSE | D10: ='decisionale entrate '!D21 -> 23939484 | F10: ='decisionale entrate '!E21 -> 25650795 | H10: 24546839 | J10: 24516525
B11: TOTALE TITOLO I | D11: =SUM(D9:E10) -> 23939484 | F11: =SUM(F9:G10) -> 25650795 | H11: 24583439 | J11: 24570775
B12: UPB 2.1 - ENTRATE PER ALIENAZIONE DI BENI PATRIMONIALI E RISCOSSIONE DI CREDITI | D12: ='decisionale entrate '!D29 -> 0 | F12: ='decisionale entrate '!E28 -> 0 | H12: 1851457 | J12: 1851457
B13: UPB 2.2 - ENTRATE DERIVANTI DA TRASFERIMENTI IN CONTO CAPITALE | D13: ='decisionale entrate '!D35 -> 44154002 | F13: ='decisionale entrate '!E35 -> 11576921 | H13: 31753635 | J13: 28049458
B14: UPB 2.3 - ACCENSIONE DI PRESTITI | D14: ='decisionale entrate '!D40 -> 0 | F14: 0 | H14: 0 | J14: 0
B15: TOTALE TITOLO II | D15: =SUM(D12:E14) -> 44154002 | F15: =SUM(F12:G14) -> 11576921 | H15: 33605092 | J15: 29900915
B16: UPB 3.1 - ENTRATE AVENTI NATURA DI PARTITA DI GIRO | D16: ='decisionale entrate '!D46 -> 4057261 | F16: ='decisionale entrate '!E45 -> 4298467 | H16: 3888060 | J16: 3419946
B17: TOTALE TITOLO III | D17: =SUM(D16) -> 4057261 | F17: =SUM(F16) -> 4298467 | H17: 3888060 | J17: 3419946
B18: TOTALE GENERALE ENTRATE | D18: =D11+D15+D17 -> 72150747 | F18: =F11+F15+F17 -> 41526183 | H18: 62076591 | J18: 57891636
B19: Utilizzo dell'avanzo di amministrazione iniziale | D19: =D35-D18 -> 37500171
B20: Totali a pareggio | D20: =SUM(D18:E19) -> 109650918 | F20: =SUM(F18:G19) -> 41526183 | H20: 62076591 | J20: 57891636
B22: USCITE | D22: Anno 2024 | H22: Anno 2023
D23: COMPETENZA | F23: CASSA | H23: COMPETENZA | J23: CASSA
B24: 1.1 - FUNZIONAMENTO | D24: ='decisionale spese'!D11 -> 7141775 | F24: ='decisionale spese'!E11 -> 6869077 | H24: 6746980 | J24: 6467322
B25: 1.2 - INTERVENTI DIVERSI | D25: ='decisionale spese'!D19 -> 7769177 | F25: ='decisionale spese'!E19 -> 6590903 | H25: 6281721 | J25: 6484552
B26: 1.3 - TRATTAMENTI DI QUIESCENZA, INTEGRATIVI E SOSTITUTIVI | D26: 0 | F26: 0 | H26: 0 | J26: 0
B27: 1.4 - ACCANTONAMENTI A FONDI RISCHI ED ONERI | D27: 0 | F27: 0 | H27: 0 | J27: 0
B28: 1.5 - ACCANTONAMENTI A FONDI RISCHI ED ONERI | D28: 0 | F28: 0 | H28: 0 | J28: 0
B29: TOTALE TITOLO I- UPB 1 | D29: =SUM(D24:E28) -> 14910952 | F29: =SUM(F24:G28) -> 13459980 | H29: 13028701 | J29: 12951874
B30: 2.1 - INVESTIMENTI | D30: ='decisionale spese'!D37 -> 90682705 | F30: ='decisionale spese'!E37 -> 31726269 | H30: 42433768 | J30: 24486654
B31: 2.2 - ONERI COMUNI | D31: 0 | F31: 0 | H31: 0 | J31: 0
B32: TOTALE TITOLO II - UPB 2 | D32: =SUM(D30:E31) -> 90682705 | F32: =SUM(F30:G31) -> 31726269 | H32: 42433768 | J32: 24486654
B33: 3.1 - USCITE AVENTI NATURA DI PARTITA DI GIRO | D33: ='decisionale spese'!D49 -> 4057261 | F33: ='decisionale spese'!E48 -> 4280642 | H33: 3888060 | J33: 3675810
B34: TOTALE TITOLO III - UPB. 3 | D34: =SUM(D33) -> 4057261 | F34: =SUM(F33) -> 4280642 | H34: 3888060 | J34: 3675810
B35: TOTALE GENERALE USCITE | D35: =D29+D32+D34 -> 109650918 | F35: =F29+F32+F34 -> 49466891 | H35: 59350529 | J35: 41114338
B36: Copertura del disavanzo di amministrazione iniziale
B37: Totali a pareggio | D37: =D35 -> 109650918 | F37: =SUM(F35:G36) -> 49466891 | H37: 59350529 | J37: 41114338
E39: Anno 2024 | I39: Anno 2023
C40: RISULTATI DIFFERENZIALI | E40: COMPETENZA | G40: CASSA | I40: COMPETENZA | K40: CASSA
C41: Situazione Finanziaria | E41: =D11-D29 -> 9028532 | G41: =F11-F29 -> 12190815 | I41: =H11-H29 -> 11554738 | K41: =J11-J29 -> 11618901
C42: Saldo movimenti in c/capitale | E42: =D15-D32 -> -46528703 | G42: =F15-F32 -> -20149348 | I42: =H15-H32 -> -8828676 | K42: =J15-J32 -> 5414261
C43: Indebitamento/Accreditamento netto | E43: =SUM(E41:F42) -> -37500171 | G43: =SUM(G41:H42) -> -7958533 | I43: =I42+I41 -> 2726062 | K43: =SUM(K41:L42) -> 17033162 | O43: 220570446
C44: Saldo netto da finanziare/impiegare | E44: =E43 -> -37500171 | G44: =G43 -> -7958533 | I44: =I43 -> 2726062 | K44: =K43 -> 17033162 | O44: =O43+I45 -> 223296508
C45: Saldo complessivo | E45: =D18-D35 -> -37500171 | G45: =F18-F35 -> -7940708 | I45: =H18-H35 -> 2726062 | K45: =J18-J35 -> 16777298 | O45: 193731
O47: =O44-O45 -> 223102777

Sheet decisionale spese
A1: Autorità di Sistema Portuale del Mar Ionio - Porto di Taranto
A2: RENDICONTO FINANZIARIO DECISIONALE
A4: USCITE | C4: 2024 | F4: 2023
A5: Codice | B5: Descrizione | C5: Residui | D5: Competenza (Impegni) | E5: Cassa (Pagamenti) | F5: Residui | G5: Competenza (Impegni) | H5: Cassa (Pagamenti)
A6: U1 | B6: UPB 1 - TITOLO I - USCITE CORRENTI
A7: U1.1 | B7: 1.1 - FUNZIONAMENTO
A8: U1.1.1 | B8: Categoria 1.1.1 - USCITE PER GLI ORGANI DELL'ENTE | C8: 9891 | D8: ='Stampa rendiconto PI - USC '!$K$13 -> 362711 | E8: ='Stampa rendiconto PII - USCITE'!L13 -> 370484 | F8: 9891 | G8: 351175 | H8: 355422
A9: U1.1.2 | B9: Categoria 1.1.2 - ONERI PER IL PERSONALE IN ATTIVITÀ DI SERVIZIO | C9: 307658 | D9: ='Stampa rendiconto PI - USC '!$K$24 -> 6219583 | E9: ='Stampa rendiconto PII - USCITE'!L24 -> 6047285 | F9: 307658 | G9: 5833987 | H9: 5571152
A10: U1.1.3 | B10: Categoria 1.1.3 - USCITE PER L'ACQUISTO DI BENI DI CONSUMO E DI SERVIZIO | C10: 162228 | D10: ='Stampa rendiconto PI - USC '!$K$44 -> 559481 | E10: ='Stampa rendiconto PII - USCITE'!L44 -> 451308 | F10: 162228 | G10: 561818 | H10: 540748
A11: TOTALE 1.1 - FUNZIONAMENTO | C11: =SUM(C8:C10) -> 479777 | D11: =SUM(D8:D10) -> 7141775 | E11: =SUM(E8:E10) -> 6869077 | F11: 479777 | G11: 6746980 | H11: 6467322
A12: U1.2 | B12: 1.2 - INTERVENTI DIVERSI
A13: U1.2.1 | B13: Categoria 1.2.1 - USCITE PER PRESTAZIONI ISTITUZIONALI | C13: 1775871 | D13: ='Stampa rendiconto PI - USC '!$K$51 -> 5922216 | E13: ='Stampa rendiconto PII - USCITE'!L51 -> 4805635 | F13: 1775871 | G13: 4417189 | H13: 4772368
A14: U1.2.2 | B14: Categoria 1.2.2 - TRASFERIMENTI PASSIVI | C14: 164264 | D14: ='Stampa rendiconto PI - USC '!$K$56 -> 434020 | E14: ='Stampa rendiconto PII - USCITE'!L56 -> 364372 | F14: 164264 | G14: 523000 | H14: 380143
A15: U1.2.3 | B15: Categoria 1.2.3 - ONERI FINANZIARI | C15: 155 | D15: ='Stampa rendiconto PI - USC '!$K$59 -> 24000 | E15: ='Stampa rendiconto PII - USCITE'!L59 -> 23964 | F15: 155 | G15: 15572 | H15: 19354
A16: U1.2.4 | B16: Categoria 1.2.4 - ONERI TRIBUTARI | C16: 42354 | D16: ='Stampa rendiconto PI - USC '!$K$62 -> 1080078 | E16: ='Stampa rendiconto PII - USCITE'!L62 -> 1068236 | F16: 42354 | G16: 1017097 | H16: 976938
A17: U1.2.5 | B17: Categoria 1.2.5 - POSTE CORRETTIVE E COMPENSATIVE DI ENTRATE CORRENTI | C17: 0 | D17: ='Stampa rendiconto PI - USC '!$K$65 -> 0 | E17: ='Stampa rendiconto PII - USCITE'!L65 -> 0 | F17: 0 | G17: 0 | H17: 25368
A18: U1.2.6 | B18: Categoria 1.2.6 - USCITE NON CLASSIFICABILI IN ALTRE VOCI | C18: 104748 | D18: ='Stampa rendiconto PI - USC '!$K$71 -> 308863 | E18: ='Stampa rendiconto PII - USCITE'!L71 -> 328696 | F18: 104748 | G18: 308863 | H18: 310381
A19: TOTALE 1.2 - INTERVENTI DIVERSI | C19: =SUM(C13:C18) -> 2087392 | D19: =SUM(D13:D18) -> 7769177 | E19: =SUM(E13:E18) -> 6590903 | F19: 2087392 | G19: 6281721 | H19: 6484552
A20: U1.3 | B20: 1.3 - TRATTAMENTI DI QUIESCENZA, INTEGRATIVI E SOSTITUTIVI
A21: U1.3.1 | B21: Categoria 1.3.1 - ONERI PER IL PERSONALE IN QUIESCENZA | C21: 0 | D21: 0 | E21: 0 | F21: 0 | G21: 0 | H21: 0
A22: U1.3.2 | B22: Categoria 1.3.2 - ACCANTONAMENTO AL TRATTAMENTO DI FINE RAPPPORTO (CONTRIBUTO A.P.) | C22: 0 | D22: 0 | E22: 0 | F22: 0 | G22: 0 | H22: 0
A23: TOTALE 1.3 - TRATTAMENTI DI QUIESCENZA, INTEGRATIVI E SOSTITUTIVI | C23: 0 | D23: 0 | E23: 0 | F23: 0 | G23: 0 | H23: 0
A24: U1.4 | B24: 1.4 - ACCANTONAMENTI A FONDI RISCHI ED ONERI
A25: U1.4.1 | B25: Categoria 1.4.1 - FONDO RISCHI E ONERI | C25: 0 | D25: 0 | E25: 0 | F25: 0 | G25: 0 | H25: 0
A26: TOTALE 1.4 - ACCANTONAMENTI A FONDI RISCHI ED ONERI | C26: 0 | D26: 0 | E26: 0 | F26: 0 | G26: 0 | H26: 0
A27: U1.5 | B27: 1.5 - ACCANTONAMENTI A FONDI RISCHI ED ONERI
A28: TOTALE 1.5 - ACCANTONAMENTI A FONDI RISCHI ED ONERI | C28: 0 | D28: 0 | E28: 0 | F28: 0 | G28: 0 | H28: 0
A29: TOTALE UPB 1 - TITOLO I - USCITE CORRENTI | C29: =C11+C19 -> 2567169 | D29: =D11+D19 -> 14910952 | E29: =E11+E19 -> 13459980 | F29: 2567169 | G29: 13028701 | H29: 12951874
A30: U2 | B30: UPB 2 - TITOLO II - USCITE IN CONTO CAPITALE
A31: U2.1 | B31: 2.1 - INVESTIMENTI
A32: U2.1.1 | B32: Categoria 2.1.1 - ACQUISIZIONE DI BENI DI USO DUREVOLE ED OPERE IMMOBILIARI E INVESTIMENTI | C32: 53358879 | D32: ='Stampa rendiconto PI - USC '!$K$91 -> 86970556 | E32: ='Stampa rendiconto PII - USCITE'!L91 -> 28739047 | F32: 53358879 | G32: 40706775 | H32: 22048170
A33: U2.1.2 | B33: Categoria 2.1.2 - ACQUISIZIONE DI IMMOBILIZZAZIONI TECNICHE | C33: 821951 | D33: ='Stampa rendiconto PI - USC '!$K$98 -> 3383052 | E33: ='Stampa rendiconto PII - USCITE'!L98 -> 2594255 | F33: 821951 | G33: 1216266 | H33: 1577474
A34: U2.1.3 | B34: Categoria 2.1.3 PARTECIPAZIONI A PROGETTI EUROPEI, NAZIONALI E REGIONALI ED ACQUISTO DI VALORI MOBILIARI | C34: 3700453 | D34: ='Stampa rendiconto PI - USC '!$K$102 -> 61152 | E34: ='Stampa rendiconto PII - USCITE'!L102 -> 134002 | F34: 3700453 | G34: 307284 | H34: 668515
A35: U2.1.4 | B35: Categoria 2.1.4 - CONCESSIONI DI CREDITI ED ANTICIPAZIONI | C35: 0 | D35: ='Stampa rendiconto PI - USC '!K107 -> 3500 | E35: ='Stampa rendiconto PII - USCITE'!K107 -> 3500 | F35: 0 | G35: 0 | H35: 0
A36: U2.1.5 | B36: Categoria 2.1.5 - INDENNITÀ DI ANZIANITÀ E SIMILARI DOVUTE AL PERSONALE CESSATO DAL SERVIZIO. | C36: 10948 | D36: ='Stampa rendiconto PI - USC '!$K$112 -> 264445 | E36: ='Stampa rendiconto PII - USCITE'!L112 -> 255465 | F36: 10948 | G36: 203443 | H36: 192495
A37: TOTALE 2.1 - INVESTIMENTI | C37: =SUM(C32:C36) -> 57892231 | D37: =SUM(D32:D36) -> 90682705 | E37: =SUM(E32:E36) -> 31726269 | F37: 57892231 | G37: 42433768 | H37: 24486654
A38: U2.2 | B38: 2.2 - ONERI COMUNI
A39: U2.2.1 | B39: Categoria 2.2.1 - RIMBORSI DI MUTUI | C39: 0 | D39: 0 | E39: 0 | F39: 0 | G39: 0 | H39: 0
A40: U2.2.2 | B40: Categoria 2.2.2 - RIMBORSO DI ANTICIPAZIONI PASSIVE | C40: 0 | D40: 0 | E40: 0 | F40: 0 | G40: 0 | H40: 0
A41: U2.2.3 | B41: Categoria 2.2.3 - RIMBORSI DI OBBLIGAZIONI | C41: 0 | D41: 0 | E41: 0 | F41: 0 | G41: 0 | H41: 0
A42: U2.2.4 | B42: Categoria 2.2.4 - RESTITUZIONI ALLE GESTIONI AUTONOME DI ANTICIPAZIONI | C42: 0 | D42: 0 | E42: 0 | F42: 0 | G42: 0 | H42: 0
A43: U2.2.5 | B43: Categoria 2.2.5 - ESTINZIONI DEBITI DIVERSI | C43: 0 | D43: 0 | E43: 0 | F43: 0 | G43: 0 | H43: 0
A44: TOTALE 2.2 - ONERI COMUNI | C44: 0 | D44: 0 | E44: 0 | F44: 0 | G44: 0 | H44: 0
A45: TOTALE UPB 2 - TITOLO II - USCITE IN CONTO CAPITALE | C45: =C37 -> 57892231 | D45: =D37 -> 90682705 | E45: =E37 -> 31726269 | F45: 57892231 | G45: 42433768 | H45: 24486654
A46: U3 | B46: UPB 3 - TITOLO III - PARTITE DI GIRO
A47: U3.1 | B47: 3.1 - USCITE AVENTI NATURA DI PARTITA DI GIRO
A48: U3.1.1 | B48: Categoria 3.1.1 - USCITE AVENTI NATURA DI PARTITE DI GIRO | C48: 519318 | D48: ='Stampa rendiconto PI - USC '!$K$141 -> 4057261 | E48: ='Stampa rendiconto PII - USCITE'!L141 -> 4280642 | F48: 519318 | G48: 3888060 | H48: 3675810
A49: TOTALE 3.1 - USCITE AVENTI NATURA DI PARTITA DI GIRO | C49: =C48 -> 519318 | D49: =D48 -> 4057261 | E49: =E48 -> 4280642 | F49: 519318 | G49: 3888060 | H49: 3675810
A50: TOTALE UPB 3 - TITOLO III - PARTITE DI GIRO | C50: =C49 -> 519318 | D50: =D49 -> 4057261 | E50: =E49 -> 4280642 | F50: 519318 | G50: 3888060 | H50: 3675810
A51: TOTALE GENERALE USCITE | C51: =C29+C45+C50 -> 60978718 | D51: =D29+D45+D50 -> 109650918 | E51: =E29+E45+E50 -> 49466891 | F51: 60978718 | G51: 59350529 | H51: 41114338

Sheet decisionale entrate 
A1: Autorità di Sistema Portuale del Mar Ionio - Porto di Taranto
A2: RENDICONTO FINANZIARIO DECISIONALE
A3: 03/04/2017
A4: ENTRATE | C4: 2024 | F4: 2023
A5: Codice | B5: Descrizione | C5: Residui da fare | D5: Competenza (Accertamenti) | E5: Cassa (Riscossioni) | F5: Residui | G5: Competenza (Accertamenti) | H5: Cassa (Riscossioni)
A8: E1 | B8: TITOLO I - ENTRATE CORRENTI
A9: E1.1 | B9: UPB 1.1 - ENTRATE DERIVANTI DA TRASFERIMENTI CORRENTI
A10: E1.1.1 | B10: Categoria 1.1.1 - TRASFERIMENTI DA PARTE DELLO STATO | C10: 0 | D10: 0 | E10: 0 | F10: 0 | G10: 0 | H10: 0
A11: E1.1.2 | B11: Categoria 1.1.2 - TRASFERIMENTI DA PARTE DELLE REGIONI | C11: 5000 | D11: ='Stampa rendiconto PI - ENTR'!K14 -> 0 | E11: ='Stampa rendiconto PII - ENTRATE'!L14 -> 0 | F11: 5000 | G11: 36600 | H11: 54250
A12: E1.1.3 | B12: Categoria 1.1.3 - TRASFERIMENTI DA PARTE DEI COMUNI E DELLE PROVINCE | C12: 0 | D12: 0 | E12: 0 | F12: 0 | G12: 0 | H12: 0
A13: E1.1.4 | B13: Categoria 1.1.4 - TRASFERIMENTI DA PARTE DI ALTRI ENTI DEL SETTORE PUBBLICO | C13: 0 | D13: 0 | E13: 0 | F13: 0 | G13: 0 | H13: 0
A14: TOTALE UPB 1.1 - ENTRATE DERIVANTI DA TRASFERIMENTI CORRENTI | C14: =SUM(C10:C13) -> 5000 | D14: =SUM(D10:D13) -> 0 | E14: =SUM(E10:E13) -> 0 | F14: 5000 | G14: 36600 | H14: 54250
A15: E1.2 | B15: UPB 1.2 - ENTRATE DIVERSE
A16: E1.2.1 | B16: Categoria 1.2.1 - ENTRATE TRIBUTARIE | C16: 1803151 | D16: ='Stampa rendiconto PI - ENTR'!K31 -> 10976656 | E16: ='Stampa rendiconto PII - ENTRATE'!L31 -> 12770947 | F16: 1803151 | G16: 16004386 | H16: 15310077
A17: E1.2.2 | B17: Categoria 1.2.2 - ENTRATE DERIVANTI DALLA VENDITA DI BENI E DALLA PRESTAZIONE DI SERVIZI | C17: 0 | D17: 0 | E17: 0 | F17: 0 | G17: 0 | H17: 0
A18: E1.2.3 | B18: Categoria 1.2.3 - REDDITI E PROVENTI PATRIMONIALI | C18: 212029 | D18: ='Stampa rendiconto PI - ENTR'!K40 -> 5968832 | E18: ='Stampa rendiconto PII - ENTRATE'!L40 -> 5888421 | F18: 212029 | G18: 4170245 | H18: 4859404
A19: E1.2.4 | B19: Categoria 1.2.4 - POSTE CORRETTIVE E COMPENSATIVE DI SPESE CORRENTI | C19: 77234 | D19: ='Stampa rendiconto PI - ENTR'!K44 -> 6611220 | E19: ='Stampa rendiconto PII - ENTRATE'!L44 -> 6608651 | F19: 77234 | G19: 4281845 | H19: 4256681
A20: E1.2.5 | B20: Categoria 1.2.5 - ENTRATE NON CLASSIFICABILI IN ALTRE VOCI | C20: 0 | D20: ='Stampa rendiconto PI - ENTR'!K48 -> 382776 | E20: ='Stampa rendiconto PII - ENTRATE'!L48 -> 382776 | F20: 0 | G20: 90363 | H20: 90363
A21: TOTALE UPB 1.2 - ENTRATE DIVERSE | C21: =SUM(C16:C20) -> 2092414 | D21: =SUM(D16:D20) -> 23939484 | E21: =SUM(E16:E20) -> 25650795 | F21: 2092414 | G21: 24546839 | H21: 24516525
A22: TOTALE TITOLO I - ENTRATE CORRENTI | C22: =C14+C21 -> 2097414 | D22: =D21+D14 -> 23939484 | E22: =E21+E14 -> 25650795 | F22: 2097414 | G22: 24583439 | H22: 24570775
A23: E2 | B23: TITOLO II - ENTRATE IN CONTO CAPITALE
A24: E2.1 | B24: UPB 2.1 - ENTRATE PER ALIENAZIONE DI BENI PATRIMONIALI E RISCOSSIONE DI CREDITI
A25: E2.1.1 | B25: Categoria 2.1.1 - ALIENAZIONE IMMOBILI E DIRITTI REALI | C25: 0 | D25: 0 | E25: 0 | F25: 0 | G25: 0 | H25: 0
A26: E2.1.2 | B26: Categoria 2.1.2 - ALIENAZIONE DI IMMOBILIZZAZIONI TECNICHE DIVERSE E DI BENI IMMATERIALI | C26: 0 | D26: 0 | E26: 0 | F26: 0 | G26: 0 | H26: 0
A27: E2.1.3 | B27: Categoria 2.1.3 - REALIZZO DI VALORI IMMOBILIARI | C27: 0 | D27: 0 | E27: 0 | F27: 0 | G27: 0 | H27: 0
A28: E2.1.4 | B28: Categoria 2.1.4 - RISCOSSIONE DI CREDITI | C28: 0 | D28: ='Stampa rendiconto PI - ENTR'!$K$64 -> 0 | E28: ='Stampa rendiconto PII - ENTRATE'!L65 -> 0 | F28: 0 | G28: 1851457 | H28: 1851457
A29: TOTALE UPB 2.1 - ENTRATE PER ALIENAZIONE DI BENI PATRIMONIALI E RISCOSSIONE DI CREDITI | C29: 0 | D29: =SUM(D25:D28) -> 0 | E29: =SUM(E25:E28) -> 0 | F29: 0 | G29: 1851457 | H29: 1851457
A30: E2.2 | B30: UPB 2.2 - ENTRATE DERIVANTI DA TRASFERIMENTI IN CONTO CAPITALE
A31: E2.2.1 | B31: Categoria 2.2.1 - TRASFERIMENTI DELLO STATO | C31: 16433403 | D31: ='Stampa rendiconto PI - ENTR'!K69 -> 33940797 | E31: ='Stampa rendiconto PII - ENTRATE'!L69 -> 3435988 | F31: 16433403 | G31: 25535352 | H31: 22342182
A32: E2.2.2 | B32: Categoria 2.2.2 - TRASFERIMENTI DELLA REGIONE | C32: 0 | D32: ='Stampa rendiconto PI - ENTR'!K72 -> 10174799 | E32: ='Stampa rendiconto PII - ENTRATE'!L72 -> 7631099 | F32: 0 | G32: 0 | H32: 21850
A33: E2.2.3 | B33: Categoria 2.2.3 - TRASFERIMENTI DA COMUNI E PROVINCE | C33: 0 | D33: 0 | E33: 0 | F33: 0 | G33: 0 | H33: 0
A34: E2.2.4 | B34: Categoria 2.2.4 - TRASFERIMENTI DA ALTRI ENTI DEL SETTORE PUBBLICO | C34: 4300476 | D34: ='Stampa rendiconto PI - ENTR'!K80 -> 38406 | E34: ='Stampa rendiconto PII - ENTRATE'!L79 -> 509834 | F34: 4300476 | G34: 6218283 | H34: 5685426
A35: TOTALE UPB 2.2 - ENTRATE DERIVANTI DA TRASFERIMENTI IN CONTO CAPITALE | C35: =SUM(C31:C34) -> 20733879 | D35: =SUM(D31:D34) -> 44154002 | E35: =SUM(E31:E34) -> 11576921 | F35: 20733879 | G35: 31753635 | H35: 28049458
A36: E2.3 | B36: UPB 2.3 - ACCENSIONE DI PRESTITI
A37: E2.3.1 | B37: Categoria 2.3.1 - ASSUNZIONE DI MUTUI | C37: 0 | D37: 0 | E37: 0 | F37: 0 | G37: 0 | H37: 0
A38: E2.3.2 | B38: Categoria 2.3.2 - ASSUNZIONE DI ALTRI DEBITI FINANZIARI | C38: 0 | D38: 0 | E38: 0 | F38: 0 | G38: 0 | H38: 0
A39: E2.3.3 | B39: Categoria 2.3.3 - EMISSIONE DI OBBLIGAZIONI | C39: 0 | D39: 0 | E39: 0 | F39: 0 | G39: 0 | H39: 0
A40: TOTALE UPB 2.3 - ACCENSIONE DI PRESTITI | C40: 0 | D40: =SUM(D37:D39) -> 0 | E40: =SUM(E37:E39) -> 0 | F40: 0 | G40: 0 | H40: 0
A41: TOTALE TITOLO II - ENTRATE IN CONTO CAPITALE | C41: =C35 -> 20733879 | D41: =D35+D40+D29 -> 44154002 | E41: =E35+E40+E29 -> 11576921 | F41: 20733879 | G41: 33605092 | H41: 29900915
A42: E3 | B42: TITOLO III - PARTITE DI GIRO
A43: E3.1 | B43: UPB 3.1 - ENTRATE AVENTI NATURA DI PARTITA DI GIRO
A44: E3.1.1 | B44: Categoria 3.1.1 - ENTRATE AVENTI NATURA DI PARTITE DI GIRO | C44: 559931 | D44: ='Stampa rendiconto PI - ENTR'!K103 -> 4057261 | E44: ='Stampa rendiconto PII - ENTRATE'!L103 -> 4298467 | F44: 559931 | G44: 3888060 | H44: 3419946
A45: TOTALE UPB 3.1 - ENTRATE AVENTI NATURA DI PARTITA DI GIRO | C45: =SUM(C44) -> 559931 | D45: =SUM(D44) -> 4057261 | E45: =SUM(E44) -> 4298467 | F45: 559931 | G45: 3888060 | H45: 3419946
A46: TOTALE TITOLO III - PARTITE DI GIRO | C46: =C45 -> 559931 | D46: =D45 -> 4057261 | E46: =E45 -> 4298467 | F46: 559931 | G46: 3888060 | H46: 3419946
A47: TOTALE GENERALE ENTRATE | C47: =C22+C41+C46 -> 23391224 | D47: =D22+D41+D46 -> 72150747 | E47: =E22+E41+E46 -> 41526183 | F47: 23391224 | G47: 62076591 | H47: 57891636

Sheet Stampa rendiconto PI - ENTR
A1: Autorità di Sistema Portuale del Mar Ionio - Porto di Taranto
A2: RENDICONTO FINANZIARIO GESTIONALE
A3: ENTRATE PARTE I Dal 01/01/2024 Al 31/12/2024 Anno di gestione: 2024
A5: Capitolo | E5: Gestione di Competenza
E6: Previsioni | I6: Somme da Accertare | L6: Differenze rispetto alle previsioni
A7: Codice | B7: Descrizione | E7: Stanziamento Iniziale | F7: Variazioni(+) | G7: Variazioni(-) | H7: Previsione Assestata | I7: Riscossioni | J7: Da Riscuotere | K7: Accertato | L7: Differenze Previsioni (+) | M7: Differenze Previsioni (-)
A8: E1 | B8: TITOLO I - ENTRATE CORRENTI
A9: E1.1.1 | B9: Categoria 1.1.1 - TRASFERIMENTI DA PARTE DELLO STATO
A10: E111/10 | B10: Contributi dello Stato | E10: 0 | F10: 0 | G10: 0 | H10: 0 | I10: 0 | J10: 0 | K10: 0 | L10: 0 | M10: 0
A11: TOTALE CATEGORIA E1.1.1 | E11: 0 | F11: 0 | G11: 0 | H11: 0 | I11: 0 | J11: 0 | K11: 0 | L11: 0 | M11: 0
A12: E1.1.2 | B12: Categoria 1.1.2 - TRASFERIMENTI DA PARTE DELLE REGIONI
A13: E112/10 | B13: Contributo della Regione Puglia | E13: 0 | F13: 0 | G13: 0 | H13: 0 | I13: 0 | J13: 0 | K13: 0 | L13: 0 | M13: 0
A14: TOTALE CATEGORIA E1.1.2 | E14: 0 | F14: 0 | G14: 0 | H14: 0 | I14: 0 | J14: 0 | K14: 0 | L14: 0 | M14: 0
A15: E1.1.3 | B15: Categoria 1.1.3 - TRASFERIMENTI DA PARTE DEI COMUNI E DELLE PROVINCE
A16: E113/10 | B16: Contributi della Provincia di Taranto | E16: 0 | F16: 0 | G16: 0 | H16: 0 | I16: 0 | J16: 0 | K16: 0 | L16: 0 | M16: 0
A17: E113/20 | B17: Contributo del Comune di Taranto | E17: 0 | F17: 0 | G17: 0 | H17: 0 | I17: 0 | J17: 0 | K17: 0 | L17: 0 | M17: 0
A18: TOTALE CATEGORIA E1.1.3 | E18: 0 | F18: 0 | G18: 0 | H18: 0 | I18: 0 | J18: 0 | K18: 0 | L18: 0 | M18: 0
A19: E1.1.4 | B19: Categoria 1.1.4 - TRASFERIMENTI DA PARTE DI ALTRI ENTI DEL SETTORE PUBBLICO
A20: E114/10 | B20: Contributo Camera di Commercio di Taranto | E20: 0 | F20: 0 | G20: 0 | H20: 0 | I20: 0 | J20: 0 | K20: 0 | L20: 0 | M20: 0
A21: E114/20 | B21: Contributo altri enti pubblici | E21: 0 | F21: 0 | G21: 0 | H21: 0 | I21: 0 | J21: 0 | K21: 0 | L21: 0 | M21: 0
A22: E114/30 | B22: Contributi diversi | E22: 0 | F22: 0 | G22: 0 | H22: 0 | I22: 0 | J22: 0 | K22: 0 | L22: 0 | M22: 0
A23: TOTALE CATEGORIA E1.1.4 | E23: 0 | F23: 0 | G23: 0 | H23: 0 | I23: 0 | J23: 0 | K23: 0 | L23: 0 | M23: 0
A24: E1.2.1 | B24: Categoria 1.2.1 - ENTRATE TRIBUTARIE
A25: E121/00 | B25: Gettito della tassa portuale | E25: 9000000 | F25: 0 | G25: 0 | H25: 9000000 | I25: 7028314 | J25: =K25-I25 -> 0 | K25: 7028314 | L25: 0 | M25: =K25-H25 -> -1971686
A26: E121/10 | B26: Gettito delle tasse sulle merci imb.e sbar.Cap III, Titolo II L. 82/63 e art. 1 L. 355/76 ecc. (cod.901) | E26: 0 | F26: 0 | G26: 0 | H26: 0 | I26: 0 | J26: =K26-I26 -> 0 | K26: =I26 -> 0 | L26: 0 | M26: =K26-H26 -> 0
A27: E121/20 | B27: Gettito delle tasse erariali di cui all'art.2, c.1.D.L.47/74 (cod. 921) | E27: 0 | F27: 0 | G27: 0 | H27: 0 | I27: 0 | J27: =K27-I27 -> 0 | K27: =I27 -> 0 | L27: 0 | M27: =K27-H27 -> 0
A28: E121/30 | B28: Gettito delle tasse ancoraggio (cod. 922) | E28: 5000000 | F28: 0 | G28: 0 | H28: 5000000 | I28: =ROUND(3788133.53,0) -> 3788134 | J28: =K28-I28 -> 0 | K28: =ROUND(3788133.53,0) -> 3788134 | L28: 0 | M28: =K28-H28 -> -1211866
A29: E121/40 | B29: Proventi di autorizzazione per operazioni portuali di cui all' art.16 L. 84/94 | E29: 63790 | F29: 36210 | G29: 0 | H29: =E29+F29 -> 100000 | I29: =ROUND(74572,0) -> 74572 | J29: =K29-I29 -> 8860 | K29: =ROUND(83432,0) -> 83432 | L29: 0 | M29: =K29-H29 -> -16568
A30: E121/50 | B30: Proventi di autorizzazioni per attività svolte nel porto di cui all ' art.68 del Codice della Navigazione | E30: 50000 | F30: 50000 | G30: 0 | H30: =E30+F30 -> 100000 | I30: =ROUND(76776,0) -> 76776 | J30: =K30-I30 -> 0 | K30: =I30 -> 76776 | M30: =K30-H30 -> -23224
A31: TOTALE CATEGORIA E1.2.1 | E31: =SUM(E25:E30) -> 14113790 | F31: =SUM(F25:F30) -> 86210 | G31: 0 | H31: =SUM(H25:H30) -> 14200000 | I31: =SUM(I25:I30) -> 10967796 | J31: =SUM(J25:J30) -> 8860 | K31: =SUM(K25:K30) -> 10976656 | L31: =SUM(L25:L30) -> 0 | M31: =SUM(M25:M30) -> -3223344
A32: E1.2.2 | B32: Categoria 1.2.2 - ENTRATE DERIVANTI DALLA VENDITA DI BENI E DALLA PRESTAZIONE DI SERVIZI
A33: E122/10 | B33: Entrate derivanti dalla vendita di beni e dalla prestazione dei servizi | E33: 0 | F33: 0 | G33: 0 | H33: 0 | I33: 0 | J33: 0 | K33: 0 | L33: 0 | M33: 0
A34: TOTALE CATEGORIA E1.2.2 | E34: 0 | F34: 0 | G34: 0 | H34: 0 | I34: 0 | J34: 0 | K34: 0 | L34: 0 | M34: 0
A35: E1.2.3 | B35: Categoria 1.2.3 - REDDITI E PROVENTI PATRIMONIALI
A36: E123/10 | B36: Canoni di concessione aree demaniali e delle banchine in ambito portuale | E36: 3189183 | F36: 0 | G36: 0 | H36: =E36 -> 3189183 | I36: =ROUND(5836318.19,0) -> 5836318 | J36: =K36-I36 -> 89924 | K36: =ROUND(5926242.28,0) -> 5926242 | L36: =K36-H36 -> 2737059 | M36: 0
A37: E123/20 | B37: Canoni di affitto beni patrimoniali dell'Autorità Portuale | E37: 0 | F37: 0 | G37: 0 | H37: 0 | I37: 0 | J37: =K37-I37 -> 0 | K37: 0 | L37: =K37-H37 -> 0 | M37: 0
A38: E123/30 | B38: Interessi attivi su titoli, depositi, conti correnti | E38: 1000 | F38: 0 | G38: 0 | H38: 1000 | I38: =ROUND(8.59,0) -> 9 | J38: =K38-I38 -> 0 | K38: =ROUND(8.59,0) -> 9 | L38: 0 | M38: =K38-H38 -> -991
A39: E123/40 | B39: Altri proventi patrimoniali | E39: 0 | F39: 50000 | G39: 0 | H39: =E39+F39-G39 -> 50000 | I39: =ROUND(41943.59,0) -> 41944 | J39: =K39-I39 -> 637 | K39: =ROUND(42580.87,0) -> 42581 | L39: 0 | M39: =K39-H39 -> -7419
A40: TOTALE CATEGORIA E1.2.3 | E40: =SUM(E36:E39) -> 3190183 | F40: =SUM(F36:F39) -> 50000 | G40: =SUM(G36:G39) -> 0 | H40: =SUM(H36:H39) -> 3240183 | I40: =SUM(I36:I39) -> 5878271 | J40: =SUM(J36:J39) -> 90561 | K40: =SUM(K36:K39) -> 5968832 | L40: =SUM(L36:L39) -> 2737059 | M40: =SUM(M36:M39) -> -8410
A41: E1.2.4 | B41: Categoria 1.2.4 - POSTE CORRETTIVE E COMPENSATIVE DI SPESE CORRENTI
A42: E124/10 | B42: Recuperi e rimborsi diversi | E42: 15000 | F42: 35000 | G42: 0 | H42: =E42+F42 -> 50000 | I42: =ROUND(38014.25,0) -> 38014 | J42: =K42-I42 -> 17103 | K42: =ROUND(55117.34,0) -> 55117 | L42: =K42-H42 -> 5117 | M42: 0
A43: E124/20 | B43: Concorso da parte dello Stato e di altri Enti per spese di servizi di manutenzione, illuminazione, pulizia ordinaria | E43: 0 | F43: 6556103 | G43: 0 | H43: =E43+F43 -> 6556103 | I43: =ROUND(6556102.9,0) -> 6556103 | J43: =K43-I43 -> 0 | K43: =ROUND(6556102.9,0) -> 6556103 | L43: =K43-H43 -> 0 | M43: 0
A44: TOTALE CATEGORIA E1.2.4 | E44: 15000 | F44: =SUM(F42:F43) -> 6591103 | G44: 0 | H44: =SUM(H42:H43) -> 6606103 | I44: =SUM(I42:I43) -> 6594117 | J44: =SUM(J42:J43) -> 17103 | K44: =SUM(K42:K43) -> 6611220 | L44: =SUM(L42:L43) -> 5117 | M44: 0
A45: E1.2.5 | B45: Categoria 1.2.5 - ENTRATE NON CLASSIFICABILI IN ALTRE VOCI
A46: E125/10 | B46: Canoni di concessione per l'affidamento dei servizi di manutenzione illuminazione, pulizia - gestione rifiuti prodotti dalle navi di cui all'art. 6 coma 1 L. 84/94 | E46: 35000 | F46: 51500 | G46: 0 | H46: =E46+F46 -> 86500 | I46: =ROUND(86106.27,0) -> 86106 | J46: 0 | K46: =ROUND(86106.27,0) -> 86106 | L46: 0 | M46: =K46-H46 -> -394
A47: E125/20 | B47: Entrate varie ed eventuali | E47: 20592 | F47: 279408 | G47: 0 | H47: =E47+F47 -> 300000 | I47: =ROUND(296670,0) -> 296670 | J47: 0 | K47: =ROUND(296670,0) -> 296670 | L47: 0 | M47: =K47-H47 -> -3330
A48: TOTALE CATEGORIA E1.2.5 | E48: =SUM(E46:E47) -> 55592 | F48: =SUM(F46:F47) -> 330908 | G48: =SUM(G46:G47) -> 0 | H48: =SUM(H46:H47) -> 386500 | I48: =SUM(I46:I47) -> 382776 | J48: 0 | K48: =SUM(K46:K47) -> 382776 | L48: 0 | M48: =SUM(M46:M47) -> -3724
A49: TOTALE TITOLO E1 | E49: =E48+E44+E40+E34+E31+E23+E18+E14+E11 -> 17374565 | F49: =F48+F44+F40+F34+F31+F23+F18+F14+F11 -> 7058221 | G49: =G48+G44+G40+G34+G31+G23+G18+G14+G11 -> 0 | H49: =H48+H44+H40+H34+H31+H23+H18+H14+H11 -> 24432786 | I49: =I14+I18+I23+I31+I34+I40+I44+I48 -> 23822960 | J49: =J14+J18+J23+J31+J34+J40+J44+J48 -> 116524 | K49: =K14+K18+K23+K31+K34+K40+K44+K48 -> 23939484 | L49: =L14+L18+L23+L31+L34+L40+L44 -> 2742176 | M49: =M14+M18+M23+M31+M34+M40+M44+M48 -> -3235478
A50: E2 | B50: TITOLO II - ENTRATE IN CONTO CAPITALE
A51: E2.1.1 | B51: Categoria 2.1.1 - ALIENAZIONE IMMOBILI E DIRITTI REALI
A52: E211/10 | B52: Alienazione di Immobili | E52: 0 | F52: 0 | G52: 0 | H52: 0 | I52: 0 | J52: 0 | K52: 0 | L52: 0 | M52: 0
A53: E211/20 | B53: Cessione di diritti reali | E53: 0 | F53: 0 | G53: 0 | H53: 0 | I53: 0 | J53: 0 | K53: 0 | L53: 0 | M53: 0
A54: TOTALE CATEGORIA E2.1.1 | E54: 0 | F54: 0 | G54: 0 | H54: 0 | I54: 0 | J54: 0 | K54: 0 | L54: 0 | M54: 0
A55: E2.1.2 | B55: Categoria 2.1.2 - ALIENAZIONE DI IMMOBILIZZAZIONI TECNICHE DIVERSE E DI BENI IMMATERIALI
A56: E212/10 | B56: Cessione di immobilizzazioni tecniche | E56: 0 | F56: 0 | G56: 0 | H56: 0 | I56: 0 | J56: 0 | K56: 0 | L56: 0 | M56: 0
A57: E212/20 | B57: Cessione di brevetti o progetti | E57: 0 | F57: 0 | G57: 0 | H57: 0 | I57: 0 | J57: 0 | K57: 0 | L57: 0 | M57: 0
A58: TOTALE CATEGORIA E2.1.2 | E58: 0 | F58: 0 | G58: 0 | H58: 0 | I58: 0 | J58: 0 | K58: 0 | L58: 0 | M58: 0
A59: E2.1.3 | B59: Categoria 2.1.3 - REALIZZO DI VALORI IMMOBILIARI
A60: E213/10 | B60: Realizzo di somme investite in titoli e valori mobiliari diversi | E60: 0 | F60: 0 | G60: 0 | H60: 0 | I60: 0 | J60: 0 | K60: 0 | L60: 0 | M60: 0
A61: TOTALE CATEGORIA E2.1.3 | E61: 0 | F61: 0 | G61: 0 | H61: 0 | I61: 0 | J61: 0 | K61: 0 | L61: 0 | M61: 0
A62: E2.1.4 | B62: Categoria 2.1.4 - RISCOSSIONE DI CREDITI
A63: E214/10 | B63: Riscossione di prestiti ed anticipazioni a breve termine | E63: 0 | F63: 0 | G63: 0 | H63: 0 | I63: 0 | J63: 0 | K63: 0 | L63: 0 | M63: 0
A64: E214/20 | B64: Riscossione di altri crediti | E64: 0 | F64: 0 | G64: 0 | H64: 0 | I64: 0 | J64: 0 | K64: 0 | L64: 0 | M64: 0
A65: TOTALE CATEGORIA E2.1.4 | E65: 0 | F65: 0 | G65: 0 | H65: 0 | I65: =SUM(I63:I64) -> 0 | J65: =SUM(J63:J64) -> 0 | K65: =SUM(K63:K64) -> 0 | L65: =SUM(L63:L64) -> 0 | M65: 0
A66: E2.2.1 | B66: Categoria 2.2.1 - TRASFERIMENTI DELLO STATO
A67: E221/10 | B67: Finanziamento dello stato per esecuzione di opere infrastrutturali | E67: 105135823 | F67: 0 | G67: 9705000 | H67: 95430823 | I67: =ROUND(552317.48,0) -> 552317 | J67: =K67-I67 -> 33388480 | K67: =ROUND(33940796.59,0) -> 33940797 | L67: 0 | M67: =K67-H67 -> -61490026
A68: E221/20 | B68: Concorso da parte dello Stato per spese di manutenzione straordinaria delle parti comuni in ambito portuale, compresa la manutenzione dei fondali | E68: 0 | F68: 0 | G68: 0 | H68: 0 | I68: 0 | J68: 0 | K68: 0 | L68: 0 | M68: 0
A69: TOTALE CATEGORIA E2.2.1 | E69: =SUM(E67:E68) -> 105135823 | F69: =SUM(F67:F68) -> 0 | G69: =SUM(G67:G68) -> 9705000 | H69: =SUM(H67:H68) -> 95430823 | I69: =SUM(I67:I68) -> 552317 | J69: =SUM(J67:J68) -> 33388480 | K69: =SUM(K67:K68) -> 33940797 | L69: =SUM(L67:L68) -> 0 | M69: =SUM(M67:M68) -> -61490026
A70: E2.2.2 | B70: Categoria 2.2.2 - TRASFERIMENTI DELLA REGIONE
A71: E222/10 | B71: Contributo della Regione Puglia | E71: 0 | F71: 0 | G71: 0 | H71: 0 | I71: =ROUND(7631099.41,0) -> 7631099 | J71: =K71-I71 -> 2543700 | K71: =ROUND(10174799.21,0) -> 10174799 | L71: =K71-H71 -> 10174799 | M71: 0
A72: TOTALE CATEGORIA E2.2.2 | E72: 0 | F72: 0 | G72: 0 | H72: 0 | I72: =I71 -> 7631099 | J72: =J71 -> 2543700 | K72: =K71 -> 10174799 | L72: =L71 -> 10174799 | M72: 0
A73: E2.2.3 | B73: Categoria 2.2.3 - TRASFERIMENTI DA COMUNI E PROVINCE
A74: E223/10 | B74: Contributo Provincia di Taranto | E74: 0 | F74: 0 | G74: 0 | H74: 0 | I74: 0 | J74: 0 | K74: 0 | L74: 0 | M74: 0
A75: E223/20 | B75: Contributo Comune di Taranto | E75: 0 | F75: 0 | G75: 0 | H75: 0 | I75: 0 | J75: 0 | K75: 0 | L75: 0 | M75: 0
A76: TOTALE CATEGORIA E2.2.3 | E76: 0 | F76: 0 | G76: 0 | H76: 0 | I76: 0 | J76: 0 | K76: 0 | L76: 0 | M76: 0
A77: E2.2.4 | B77: Categoria 2.2.4 - TRASFERIMENTI DA ALTRI ENTI DEL SETTORE PUBBLICO
A78: E224/10 | B78: Contributi Enti | E78: 0 | F78: 0 | G78: 0 | H78: 0 | I78: 0 | J78: 0 | K78: 0 | L78: 0 | M78: =K78-H78 -> 0
A79: E224/20 | B79: Contributi diversi | E79: 0 | F79: 38500 | G79: 0 | H79: =F79 -> 38500 | I79: =ROUND(38406.03,0) -> 38406 | J79: =K79-I79 -> 0 | K79: =ROUND(38406.03,0) -> 38406 | L79: 0 | M79: =K79-H79 -> -94
A80: TOTALE CATEGORIA E2.2.4 | E80: 0 | F80: =SUM(F78:F79) -> 38500 | G80: 0 | H80: =SUM(H78:H79) -> 38500 | I80: =SUM(I78:I79) -> 38406 | J80: =SUM(J78:J79) -> 0 | K80: =SUM(K78:K79) -> 38406 | L80: =SUM(L78:L79) -> 0 | M80: =SUM(M78:M79) -> -94
A81: E2.3.1 | B81: Categoria 2.3.1 - ASSUNZIONE DI MUTUI
A82: E231/10 | B82: Operazioni finanziarie a medio e lungo termine | E82: 0 | F82: 0 | G82: 0 | H82: 0 | I82: 0 | J82: 0 | K82: 0 | L82: 0 | M82: 0
A83: TOTALE CATEGORIA E2.3.1 | E83: 0 | F83: 0 | G83: 0 | H83: 0 | I83: 0 | J83: 0 | K83: 0 | L83: 0 | M83: 0
A84: E2.3.2 | B84: Categoria 2.3.2 - ASSUNZIONE DI ALTRI DEBITI FINANZIARI
A85: E232/10 | B85: Operazioni finanziarie a breve termine | E85: 0 | F85: 0 | G85: 0 | H85: 0 | I85: 0 | J85: 0 | K85: 0 | L85: 0 | M85: 0
A86: E232/20 | B86: Depositi di terzi a cauzione | E86: 0 | F86: 0 | G86: 0 | H86: 0 | I86: 0 | J86: 0 | K86: 0 | L86: 0 | M86: 0
A87: TOTALE CATEGORIA E2.3.2 | E87: 0 | F87: 0 | G87: 0 | H87: 0 | I87: 0 | J87: 0 | K87: 0 | L87: 0 | M87: 0
A88: E2.3.3 | B88: Categoria 2.3.3 - EMISSIONE DI OBBLIGAZIONI
A89: E233/10 | B89: Emissione di obbligazioni | E89: 0 | F89: 0 | G89: 0 | H89: 0 | I89: 0 | J89: 0 | K89: 0 | L89: 0 | M89: 0
A90: TOTALE CATEGORIA E2.3.3 | E90: 0 | F90: 0 | G90: 0 | H90: 0 | I90: 0 | J90: 0 | K90: 0 | L90: 0 | M90: 0
A91: TOTALE TITOLO E2 | E91: =E90+E87+E83+E80+E76+E72+E69+E65+E61+E58+E54 -> 105135823 | F91: =F90+F87+F83+F80+F76+F72+F69+F65+F61+F58+F54 -> 38500 | G91: =G90+G87+G83+G80+G76+G72+G69+G65+G61+G58+G54 -> 9705000 | H91: =H90+H87+H83+H80+H76+H72+H69+H65+H61+H58+H54 -> 95469323 | I91: =I90+I87+I83+I80+I76+I72+I69+I65+I61+I58+I54 -> 8221822 | J91: =J90+J87+J83+J80+J76+J72+J69+J65+J61+J58+J54 -> 35932180 | K91: =K90+K87+K83+K80+K76+K72+K69+K65+K61+K58+K54 -> 44154002 | L91: =L90+L87+L83+L80+L76+L72+L69+L65+L61+L58+L54 -> 10174799 | M91: =M90+M87+M83+M80+M76+M72+M69+M65+M61+M58+M54 -> -61490120
A92: E3 | B92: TITOLO III - PARTITE DI GIRO
A93: E3.1.1 | B93: Categoria 3.1.1 - ENTRATE AVENTI NATURA DI PARTITE DI GIRO
A94: E311/10 | B94: Ritenute erariali | E94: 1700000 | F94: 0 | G94: 100000 | H94: =E94+F94-G94 -> 1600000 | I94: =ROUND(1515361.37,0) -> 1515361 | J94: =K94-I94 -> 24295 | K94: =ROUND(1539656.49,0) -> 1539656 | L94: 0 | M94: =K94-H94 -> -60344
A95: E311/20 | B95: Ritenute previdenziali ed assistenziali | E95: 450000 | F95: 0 | G95: 0 | H95: =E95+F95-G95 -> 450000 | I95: =ROUND(423281.18,0) -> 423281 | J95: =K95-I95 -> 1230 | K95: =ROUND(424511.18,0) -> 424511 | L95: 0 | M95: =K95-H95 -> -25489
A96: E311/30 | B96: Ritenute diverse | E96: 5000 | F96: 0 | G96: 0 | H96: =E96+F96-G96 -> 5000 | I96: =ROUND(3260.56,0) -> 3261 | J96: =K96-I96 -> 0 | K96: =ROUND(3260.56,0) -> 3261 | L96: 0 | M96: =K96-H96 -> -1739
A97: E311/40 | B97: Recupero dal personale per anticipazioni concesse | E97: 0 | F97: 0 | G97: 0 | H97: =E97+F97-G97 -> 0 | I97: 0 | J97: =K97-I97 -> 0 | K97: 0 | L97: 0 | M97: =K97-H97 -> 0
A98: E311/50 | B98: Trattenute per conto terzi | E98: 0 | F98: 0 | G98: 0 | H98: =E98+F98-G98 -> 0 | I98: 0 | J98: =K98-I98 -> 0 | K98: 0 | L98: 0 | M98: =K98-H98 -> 0
A99: E311/60 | B99: Rimborso di somme pagate per conto terzi | E99: 1000000 | F99: 200000 | G99: 0 | H99: =E99+F99-G99 -> 1200000 | I99: =ROUND(944078.89,0) -> 944079 | J99: =K99-I99 -> 226694 | K99: =ROUND(1170773.39,0) -> 1170773 | L99: 0 | M99: =K99-H99 -> -29227
A100: E311/70 | B100: Partite in sospeso | E100: 30000 | F100: 0 | G100: 0 | H100: =E100+F100-G100 -> 30000 | I100: =ROUND(16867.35,0) -> 16867 | J100: =K100-I100 -> 0 | K100: =ROUND(16867.35,0) -> 16867 | L100: 0 | M100: =K100-H100 -> -13133
A101: E311/80 | B101: Restituzione fondo economato a fine esercizio | E101: 22500 | F101: 0 | G101: 0 | H101: =E101+F101-G101 -> 22500 | I101: 20000 | J101: =K101-I101 -> 0 | K101: 20000 | L101: 0 | M101: =K101-H101 -> -2500
...

Sheet Stampa rendiconto PII - ENTRATE
A1: Autorità di Sistema Portuale del Mar Ionio - Porto di Taranto
A2: RENDICONTO FINANZIARIO GESTIONALE
A3: ENTRATE PARTE II Dal 01/01/2024 Al 31/12/2024 Anno di gestione: 2024
A5: Capitolo | E5: Gestione dei residui attivi | K5: Gestione di Cassa
I6: Variazioni | M6: Differenze rispetto alle previsioni
A7: Codice | B7: Descrizione | E7: Inizio Esercizio | F7: Riscossioni | G7: Da Riscuotere | H7: Totale | I7: Variazioni Residui(+) | J7: Variazioni Residui(-) | K7: Previsione Assestata | L7: Riscossioni | M7: Differenza previsioni(+) | N7: Differenza previsioni(-) | O7: Totale Residui
A8: E1 | B8: TITOLO I - ENTRATE CORRENTI
A9: E1.1.1 | B9: Categoria 1.1.1 - TRASFERIMENTI DA PARTE DELLO STATO
A10: E111/10 | B10: Contributi dello Stato | E10: 0 | F10: 0 | G10: 0 | H10: 0 | I10: 0 | J10: 0 | K10: =H10+'Stampa rendiconto PI - ENTR'!H10 -> 0 | L10: 0 | M10: 0 | N10: 0 | O10: 0
A11: TOTALE CATEGORIA E1.1.1 | E11: 0 | F11: 0 | G11: 0 | H11: 0 | I11: 0 | J11: 0 | K11: 0 | L11: 0 | M11: 0 | N11: 0 | O11: 0
A12: E1.1.2 | B12: Categoria 1.1.2 - TRASFERIMENTI DA PARTE DELLE REGIONI
A13: E112/10 | B13: Contributo della Regione Puglia | E13: 5000 | F13: 0 | G13: 5000 | H13: =E13 -> 5000 | I13: 0 | J13: 0 | K13: =H13+'Stampa rendiconto PI - ENTR'!H13 -> 5000 | L13: =F13+'Stampa rendiconto PI - ENTR'!I13 -> 0 | M13: 0 | N13: =K13-L13 -> 5000 | O13: 5000
A14: TOTALE CATEGORIA E1.1.2 | E14: =SUM(E13) -> 5000 | F14: =SUM(F13) -> 0 | G14: 5000 | H14: =SUM(H13) -> 5000 | I14: 0 | J14: 0 | K14: =SUM(K13) -> 5000 | L14: =SUM(L13) -> 0 | M14: 0 | N14: =SUM(N13) -> 5000 | O14: 5000
A15: E1.1.3 | B15: Categoria 1.1.3 - TRASFERIMENTI DA PARTE DEI COMUNI E DELLE PROVINCE
A16: E113/10 | B16: Contributi della Provincia di Taranto | E16: 0 | F16: 0 | G16: 0 | H16: 0 | I16: 0 | J16: 0 | K16: =H16+'Stampa rendiconto PI - ENTR'!H16 -> 0 | L16: 0 | M16: 0 | N16: 0 | O16: 0
A17: E113/20 | B17: Contributo del Comune di Taranto | E17: 0 | F17: 0 | G17: 0 | H17: 0 | I17: 0 | J17: 0 | K17: =H17+'Stampa rendiconto PI - ENTR'!H17 -> 0 | L17: 0 | M17: 0 | N17: 0 | O17: 0
A18: TOTALE CATEGORIA E1.1.3 | E18: 0 | F18: 0 | G18: 0 | H18: 0 | I18: 0 | J18: 0 | K18: =SUM(K16:K17) -> 0 | L18: 0 | M18: 0 | N18: 0 | O18: 0
A19: E1.1.4 | B19: Categoria 1.1.4 - TRASFERIMENTI DA PARTE DI ALTRI ENTI DEL SETTORE PUBBLICO
A20: E114/10 | B20: Contributo Camera di Commercio di Taranto | E20: 0 | F20: 0 | G20: 0 | H20: 0 | I20: 0 | J20: 0 | K20: =H20+'Stampa rendiconto PI - ENTR'!H20 -> 0 | L20: 0 | M20: 0 | N20: 0 | O20: 0
A21: E114/20 | B21: Contributo altri enti pubblici | E21: 0 | F21: 0 | G21: 0 | H21: 0 | I21: 0 | J21: 0 | K21: =H21+'Stampa rendiconto PI - ENTR'!H21 -> 0 | L21: 0 | M21: 0 | N21: 0 | O21: 0
A22: E114/30 | B22: Contributi diversi | E22: 0 | F22: 0 | G22: 0 | H22: 0 | I22: 0 | J22: 0 | K22: =H22+'Stampa rendiconto PI - ENTR'!H22 -> 0 | L22: 0 | M22: 0 | N22: 0 | O22: 0
A23: TOTALE CATEGORIA E1.1.4 | E23: 0 | F23: 0 | G23: 0 | H23: 0 | I23: 0 | J23: 0 | K23: =SUM(K20:K22) -> 0 | L23: 0 | M23: 0 | N23: 0 | O23: 0
A24: E1.2.1 | B24: Categoria 1.2.1 - ENTRATE TRIBUTARIE
A25: E121/00 | B25: Gettito della tassa portuale | E25: 1503991 | F25: =E25 -> 1503991 | G25: 0 | H25: =E25 -> 1503991 | I25: 0 | J25: 0 | K25: =H25+'Stampa rendiconto PI - ENTR'!H25 -> 10503991 | L25: =F25+'Stampa rendiconto PI - ENTR'!I25 -> 8532305 | M25: 0 | N25: =K25-L25 -> 1971686 | O25: ='Stampa rendiconto PI - ENTR'!J25+'Stampa rendiconto PII - ENTRATE'!G25 -> 0
A26: E121/10 | B26: Gettito delle tasse sulle merci imb.e sbar.Cap III, Titolo II L. 82/63 e art. 1 L. 355/76 ecc. (cod.901) | E26: 0 | F26: =E26 -> 0 | G26: 0 | H26: =E26 -> 0 | I26: 0 | J26: 0 | K26: =H26+'Stampa rendiconto PI - ENTR'!H26 -> 0 | L26: =F26+'Stampa rendiconto PI - ENTR'!I26 -> 0 | M26: 0 | N26: 0 | O26: ='Stampa rendiconto PI - ENTR'!J26+'Stampa rendiconto PII - ENTRATE'!G26 -> 0
A27: E121/20 | B27: Gettito delle tasse erariali di cui all'art.2, c.1.D.L.47/74 (cod. 921) | E27: 0 | F27: =E27 -> 0 | G27: 0 | H27: =E27 -> 0 | I27: 0 | J27: 0 | K27: =H27+'Stampa rendiconto PI - ENTR'!H27 -> 0 | L27: =F27+'Stampa rendiconto PI - ENTR'!I27 -> 0 | M27: 0 | N27: 0 | O27: ='Stampa rendiconto PI - ENTR'!J27+'Stampa rendiconto PII - ENTRATE'!G27 -> 0
A28: E121/30 | B28: Gettito delle tasse ancoraggio (cod. 922) | E28: 299160 | F28: =E28 -> 299160 | G28: 0 | H28: =E28 -> 299160 | I28: 0 | J28: 0 | K28: =H28+'Stampa rendiconto PI - ENTR'!H28 -> 5299160 | L28: =F28+'Stampa rendiconto PI - ENTR'!I28 -> 4087294 | M28: 0 | N28: =K28-L28 -> 1211866 | O28: ='Stampa rendiconto PI - ENTR'!J28+'Stampa rendiconto PII - ENTRATE'!G28 -> 0
A29: E121/40 | B29: Proventi di autorizzazione per operazioni portuali di cui all' art.16 L. 84/94 | E29: 0 | F29: 0 | G29: 0 | H29: =E29 -> 0 | I29: 0 | J29: 0 | K29: =H29+'Stampa rendiconto PI - ENTR'!H29 -> 100000 | L29: =F29+'Stampa rendiconto PI - ENTR'!I29 -> 74572 | M29: 0 | N29: =K29-L29 -> 25428 | O29: ='Stampa rendiconto PI - ENTR'!J29+'Stampa rendiconto PII - ENTRATE'!G29 -> 8860
A30: E121/50 | B30: Proventi di autorizzazioni per attività svolte nel porto di cui all ' art.68 del Codice della Navigazione | E30: 0 | F30: 0 | G30: 0 | H30: =E30 -> 0 | I30: 0 | J30: 0 | K30: =H30+'Stampa rendiconto PI - ENTR'!H30 -> 100000 | L30: =F30+'Stampa rendiconto PI - ENTR'!I30 -> 76776 | M30: 0 | N30: =K30-L30 -> 23224 | O30: ='Stampa rendiconto PI - ENTR'!J30+'Stampa rendiconto PII - ENTRATE'!G30 -> 0
A31: TOTALE CATEGORIA E1.2.1 | E31: =SUM(E25:E30) -> 1803151 | F31: =SUM(F25:F30) -> 1803151 | G31: =SUM(G25:G30) -> 0 | H31: =SUM(H25:H30) -> 1803151 | I31: 0 | J31: 0 | K31: =SUM(K25:K30) -> 16003151 | L31: =SUM(L25:L30) -> 12770947 | M31: =SUM(M25:M30) -> 0 | N31: =SUM(N25:N30) -> 3232204 | O31: =SUM(O25:P30) -> 8860
A32: E1.2.2 | B32: Categoria 1.2.2 - ENTRATE DERIVANTI DALLA VENDITA DI BENI E DALLA PRESTAZIONE DI SERVIZI
A33: E122/10 | B33: Entrate derivanti dalla vendita di beni e dalla prestazione dei servizi | E33: 0 | F33: 0 | G33: 0 | H33: 0 | I33: 0 | J33: 0 | K33: =H33+'Stampa rendiconto PI - ENTR'!H33 -> 0 | L33: 0 | M33: 0 | N33: 0 | O33: 0
A34: TOTALE CATEGORIA E1.2.2 | E34: 0 | F34: 0 | G34: 0 | H34: 0 | I34: 0 | J34: 0 | K34: 0 | L34: 0 | M34: 0 | N34: 0 | O34: 0
A35: E1.2.3 | B35: Categoria 1.2.3 - REDDITI E PROVENTI PATRIMONIALI
A36: E123/10 | B36: Canoni di concessione aree demaniali e delle banchine in ambito portuale | E36: 204371 | F36: 2699 | G36: =H36-F36 -> 201672 | H36: =E36-J36 -> 204371 | I36: 0 | J36: 0 | K36: =H36+'Stampa rendiconto PI - ENTR'!H36 -> 3393554 | L36: =F36+'Stampa rendiconto PI - ENTR'!I36 -> 5839017 | M36: =L36-K36 -> 2445463 | N36: 0 | O36: ='Stampa rendiconto PI - ENTR'!J36+'Stampa rendiconto PII - ENTRATE'!G36 -> 291596
A37: E123/20 | B37: Canoni di affitto beni patrimoniali dell'Autorità Portuale | E37: 0 | F37: 0 | G37: =H37-F37 -> 0 | H37: 0 | I37: 0 | J37: 0 | K37: =H37+'Stampa rendiconto PI - ENTR'!H37 -> 0 | L37: =F37+'Stampa rendiconto PI - ENTR'!I37 -> 0 | M37: =L37-K37 -> 0 | N37: 0 | O37: ='Stampa rendiconto PI - ENTR'!J37+'Stampa rendiconto PII - ENTRATE'!G37 -> 0
A38: E123/30 | B38: Interessi attivi su titoli, depositi, conti correnti | E38: 0 | F38: 0 | G38: =H38-F38 -> 0 | H38: 0 | I38: 0 | J38: 0 | K38: =H38+'Stampa rendiconto PI - ENTR'!H38 -> 1000 | L38: =F38+'Stampa rendiconto PI - ENTR'!I38 -> 9 | M38: 0 | N38: =K38-L38 -> 991 | O38: ='Stampa rendiconto PI - ENTR'!J38+'Stampa rendiconto PII - ENTRATE'!G38 -> 0
A39: E123/40 | B39: Altri proventi patrimoniali | E39: 7658 | F39: 7451 | G39: =H39-F39 -> 0 | H39: =E39-J39 -> 7451 | I39: 0 | J39: 207 | K39: =H39+'Stampa rendiconto PI - ENTR'!H39 -> 57451 | L39: =F39+'Stampa rendiconto PI - ENTR'!I39 -> 49395 | M39: 0 | N39: =K39-L39 -> 8056 | O39: ='Stampa rendiconto PI - ENTR'!J39+'Stampa rendiconto PII - ENTRATE'!G39 -> 637
A40: TOTALE CATEGORIA E1.2.3 | E40: =SUM(E36:E39) -> 212029 | F40: =SUM(F36:F39) -> 10150 | G40: =SUM(G36:G39) -> 201672 | H40: =SUM(H36:H39) -> 211822 | I40: 0 | J40: =SUM(J36:J39) -> 207 | K40: =SUM(K36:K39) -> 3452005 | L40: =SUM(L36:L39) -> 5888421 | M40: =SUM(M36:M39) -> 2445463 | N40: =SUM(N36:N39) -> 9047 | O40: =SUM(O36:P39) -> 292233
A41: E1.2.4 | B41: Categoria 1.2.4 - POSTE CORRETTIVE E COMPENSATIVE DI SPESE CORRENTI
A42: E124/10 | B42: Recuperi e rimborsi diversi | E42: 77234 | F42: =ROUND(14534.2,0) -> 14534 | G42: =H42-F42 -> 50048 | H42: =E42-J42 -> 64582 | I42: 0 | J42: 12652 | K42: =H42+'Stampa rendiconto PI - ENTR'!H42 -> 114582 | L42: =F42+'Stampa rendiconto PI - ENTR'!I42 -> 52548 | M42: 0 | N42: =K42-L42 -> 62034 | O42: ='Stampa rendiconto PI - ENTR'!J42+'Stampa rendiconto PII - ENTRATE'!G42 -> 67151
A43: E124/20 | B43: Concorso da parte dello Stato e di altri Enti per spese di servizi di manutenzione, illuminazione, pulizia ordinaria | E43: 0 | F43: 0 | G43: =H43-F43 -> 0 | H43: 0 | I43: 0 | J43: 0 | K43: =H43+'Stampa rendiconto PI - ENTR'!H43 -> 6556103 | L43: =F43+'Stampa rendiconto PI - ENTR'!I43 -> 6556103 | M43: 0 | N43: 0 | O43: ='Stampa rendiconto PI - ENTR'!J43+'Stampa rendiconto PII - ENTRATE'!G43 -> 0
A44: TOTALE CATEGORIA E1.2.4 | E44: =SUM(E42:E43) -> 77234 | F44: =SUM(F42:F43) -> 14534 | G44: =SUM(G42:G43) -> 50048 | H44: =SUM(H42:H43) -> 64582 | I44: 0 | J44: =SUM(J42:J43) -> 12652 | K44: =SUM(K42:K43) -> 6670685 | L44: =SUM(L42:L43) -> 6608651 | M44: =SUM(M42:M43) -> 0 | N44: =SUM(N42:N43) -> 62034 | O44: =SUM(O42:P43) -> 67151
A45: E1.2.5 | B45: Categoria 1.2.5 - ENTRATE NON CLASSIFICABILI IN ALTRE VOCI
A46: E125/10 | B46: Canoni di concessione per l'affidamento dei servizi di manutenzione illuminazione, pulizia - gestione rifiuti prodotti dalle navi di cui all'art. 6 coma 1 L. 84/94 | E46: 0 | F46: 0 | G46: 0 | H46: 0 | I46: 0 | J46: 0 | K46: =H46+'Stampa rendiconto PI - ENTR'!H46 -> 86500 | L46: =F46+'Stampa rendiconto PI - ENTR'!I46 -> 86106 | M46: 0 | N46: =K46-L46 -> 394 | O46: 0
A47: E125/20 | B47: Entrate varie ed eventuali | E47: 0 | F47: 0 | G47: 0 | H47: 0 | I47: 0 | J47: 0 | K47: =H47+'Stampa rendiconto PI - ENTR'!H47 -> 300000 | L47: =F47+'Stampa rendiconto PI - ENTR'!I47 -> 296670 | M47: 0 | N47: =K47-L47 -> 3330 | O47: 0
A48: TOTALE CATEGORIA E1.2.5 | E48: 0 | F48: 0 | G48: 0 | H48: 0 | I48: 0 | J48: 0 | K48: =SUM(K46:K47) -> 386500 | L48: =SUM(L46:L47) -> 382776 | M48: =SUM(M46:M47) -> 0 | N48: =SUM(N46:N47) -> 3724 | O48: 0
A49: TOTALE TITOLO E1 | E49: =E14+E18+E23+E31+E34+E40+E44+E48 -> 2097414 | F49: =F14+F18+F23+F31+F34+F40+F44+F48 -> 1827835 | G49: =G14+G18+G23+G31+G34+G40+G44+G48 -> 256720 | H49: =H14+H18+H23+H31+H34+H40+H44+H48 -> 2084555 | I49: =I14+I18+I23+I31+I34+I40+I44+I48 -> 0 | J49: =J14+J18+J23+J31+J34+J40+J44+J48 -> 12859 | K49: =K14+K18+K23+K31+K34+K40+K44+K48 -> 26517341 | L49: =L14+L18+L23+L31+L34+L40+L44+L48 -> 25650795 | ... P49: =P14+P18+P23+P31+P34+P40+P44+P48 -> 0
A50: E2 | B50: TITOLO II - ENTRATE IN CONTO CAPITALE
A51: E2.1.1 | B51: Categoria 2.1.1 - ALIENAZIONE IMMOBILI E DIRITTI REALI
A52: E211/10 | B52: Alienazione di Immobili | E52: 0 | F52: 0 | G52: 0 | H52: 0 | I52: 0 | J52: 0 | K52: 0 | L52: 0 | M52: 0 | N52: 0 | O52: 0
A53: E211/20 | B53: Cessione di diritti reali | E53: 0 | F53: 0 | G53: 0 | H53: 0 | I53: 0 | J53: 0 | K53: 0 | L53: 0 | M53: 0 | N53: 0 | O53: 0
A54: TOTALE CATEGORIA E2.1.1 | E54: 0 | F54: 0 | G54: 0 | H54: 0 | I54: 0 | J54: 0 | K54: 0 | L54: 0 | M54: 0 | N54: 0 | O54: 0
A55: E2.1.2 | B55: Categoria 2.1.2 - ALIENAZIONE DI IMMOBILIZZAZIONI TECNICHE DIVERSE E DI BENI IMMATERIALI
A56: E212/10 | B56: Cessione di immobilizzazioni tecniche | E56: 0 | F56: 0 | G56: 0 | H56: 0 | I56: 0 | J56: 0 | K56: 0 | L56: 0 | M56: 0 | N56: 0 | O56: 0
A57: E212/20 | B57: Cessione di brevetti o progetti | E57: 0 | F57: 0 | G57: 0 | H57: 0 | I57: 0 | J57: 0 | K57: 0 | L57: 0 | M57: 0 | N57: 0 | O57: 0
A58: TOTALE CATEGORIA E2.1.2 | E58: 0 | F58: 0 | G58: 0 | H58: 0 | I58: 0 | J58: 0 | K58: 0 | L58: 0 | M58: 0 | N58: 0 | O58: 0
A59: E2.1.3 | B59: Categoria 2.1.3 - REALIZZO DI VALORI IMMOBILIARI
A60: E213/10 | B60: Realizzo di somme investite in titoli e valori mobiliari diversi | E60: 0 | F60: 0 | G60: 0 | H60: 0 | I60: 0 | J60: 0 | K60: 0 | L60: 0 | M60: 0 | N60: 0 | O60: 0
A61: TOTALE CATEGORIA E2.1.3 | E61: 0 | F61: 0 | G61: 0 | H61: 0 | I61: 0 | J61: 0 | K61: 0 | L61: 0 | M61: 0 | N61: 0 | O61: 0
A62: E2.1.4 | B62: Categoria 2.1.4 - RISCOSSIONE DI CREDITI
A63: E214/10 | B63: Riscossione di prestiti ed anticipazioni a breve termine | E63: 0 | F63: 0 | G63: 0 | H63: 0 | I63: 0 | J63: 0 | K63: 0 | L63: 0 | M63: 0 | N63: 0 | O63: 0
A64: E214/20 | B64: Riscossione di altri crediti | E64: 0 | F64: 0 | G64: 0 | H64: 0 | I64: 0 | J64: 0 | K64: ='Stampa rendiconto PI - ENTR'!H64+'Stampa rendiconto PII - ENTRATE'!E64 -> 0 | L64: =F64+'Stampa rendiconto PI - ENTR'!I64 -> 0 | M64: =L64-K64 -> 0 | N64: 0 | O64: 0
A65: TOTALE CATEGORIA E2.1.4 | E65: 0 | F65: 0 | G65: 0 | H65: 0 | I65: 0 | J65: 0 | K65: 0 | L65: =SUM(L63:L64) -> 0 | M65: =SUM(M63:M64) -> 0 | N65: 0 | O65: 0
A66: E2.2.1 | B66: Categoria 2.2.1 - TRASFERIMENTI DELLO STATO
A67: E221/10 | B67: Finanziamento dello stato per esecuzione di opere infrastrutturali | E67: 16433403 | F67: =ROUND(2883671.47,0) -> 2883671 | G67: =H67-F67 -> 13549732 | H67: =E67-J67 -> 16433403 | I67: 0 | J67: 0 | K67: 60295000 | L67: =F67+'Stampa rendiconto PI - ENTR'!I67 -> 3435988 | M67: 0 | N67: =K67-L67 -> 56859012 | O67: ='Stampa rendiconto PI - ENTR'!J67+'Stampa rendiconto PII - ENTRATE'!G67 -> 46938212
A68: E221/20 | B68: Concorso da parte dello Stato per spese di manutenzione straordinaria delle parti comuni in ambito portuale, compresa la manutenzione dei fondali | E68: 0 | F68: 0 | G68: 0 | H68: 0 | I68: 0 | J68: 0 | K68: =H68+'Stampa rendiconto PI - ENTR'!H68 -> 0 | L68: 0 | M68: 0 | N68: 0 | O68: 0
A69: TOTALE CATEGORIA E2.2.1 | E69: =SUM(E67:E68) -> 16433403 | F69: =SUM(F67:F68) -> 2883671 | G69: =SUM(G67:G68) -> 13549732 | H69: =SUM(H67:H68) -> 16433403 | I69: 0 | J69: =SUM(J67:J68) -> 0 | K69: =SUM(K67:K68) -> 60295000 | L69: =SUM(L67:L68) -> 3435988 | M69: =SUM(M67:M68) -> 0 | N69: =SUM(N67:N68) -> 56859012 | O69: =SUM(O67:P68) -> 46938212
A70: E2.2.2 | B70: Categoria 2.2.2 - TRASFERIMENTI DELLA REGIONE
A71: E222/10 | B71: Contributo della Regione Puglia | E71: 0 | F71: 0 | G71: 0 | H71: 0 | I71: 0 | J71: 0 | K71: =H71+'Stampa rendiconto PI - ENTR'!H71 -> 0 | L71: =F71+'Stampa rendiconto PI - ENTR'!I71 -> 7631099 | M71: =L71-K71 -> 7631099 | N71: 0 | O71: ='Stampa rendiconto PI - ENTR'!J71+'Stampa rendiconto PII - ENTRATE'!G71 -> 2543700
A72: TOTALE CATEGORIA E2.2.2 | E72: =SUM(E71) -> 0 | F72: 0 | G72: 0 | H72: 0 | I72: 0 | J72: 0 | K72: =SUM(K71) -> 0 | L72: =SUM(L71) -> 7631099 | M72: =SUM(M71) -> 7631099 | N72: 0 | O72: =SUM(O71) -> 2543700
A73: E2.2.3 | B73: Categoria 2.2.3 - TRASFERIMENTI DA COMUNI E PROVINCE
A74: E223/10 | B74: Contributo Provincia di Taranto | E74: 0 | F74: 0 | G74: 0 | H74: 0 | I74: 0 | J74: 0 | K74: 0 | L74: 0 | M74: 0 | N74: 0 | O74: 0
A75: E223/20 | B75: Contributo Comune di Taranto | E75: 0 | F75: 0 | G75: 0 | H75: 0 | I75: 0 | J75: 0 | K75: 0 | L75: 0 | M75: 0 | N75: 0 | O75: 0
A76: TOTALE CATEGORIA E2.2.3 | E76: 0 | F76: 0 | G76: 0 | H76: 0 | I76: 0 | J76: 0 | K76: 0 | L76: 0 | M76: 0 | N76: 0 | O76: 0
A77: E2.2.4 | B77: Categoria 2.2.4 - TRASFERIMENTI DA ALTRI ENTI DEL SETTORE PUBBLICO
A78: E224/10 | B78: Contributi Enti | E78: 0 | F78: 0 | G78: 0 | H78: 0 | I78: 0 | J78: 0 | K78: =H78+'Stampa rendiconto PI - ENTR'!H78 -> 0 | L78: 0 | M78: 0 | N78: 0 | O78: 0
A79: E224/20 | B79: Contributi diversi | E79: 4300476 | F79: =ROUND(471427.51,0) -> 471428 | G79: =H79-F79 -> 588097 | H79: =E79-J79 -> 1059525 | I79: 0 | J79: 3240951 | K79: =H79+'Stampa rendiconto PI - ENTR'!H79 -> 1098025 | L79: =F79+'Stampa rendiconto PI - ENTR'!I79 -> 509834 | M79: 0 | N79: =K79-L79 -> 588191 | O79: ='Stampa rendiconto PI - ENTR'!J79+'Stampa rendiconto PII - ENTRATE'!G79 -> 588097
A80: TOTALE CATEGORIA E2.2.4 | E80: =SUM(E78:E79) -> 4300476 | F80: =SUM(F78:F79) -> 471428 | G80: =SUM(G78:G79) -> 588097 | H80: =H79 -> 1059525 | I80: 0 | J80: =SUM(J78:J79) -> 3240951 | K80: =SUM(K78:K79) -> 1098025 | L80: =SUM(L78:L79) -> 509834 | M80: =SUM(M78:M79) -> 0 | N80: =SUM(N78:N79) -> 588191 | O80: =SUM(O78:P79) -> 588097
A81: E2.3.1 | B81: Categoria 2.3.1 - ASSUNZIONE DI MUTUI
A82: E231/10 | B82: Operazioni finanziarie a medio e lungo termine | E82: 0 | F82: 0 | G82: 0 | H82: 0 | I82: 0 | J82: 0 | K82: 0 | L82: 0 | M82: 0 | N82: 0 | O82: 0
A83: TOTALE CATEGORIA E2.3.1 | E83: 0 | F83: 0 | G83: 0 | H83: 0 | I83: 0 | J83: 0 | K83: 0 | L83: 0 | M83: 0 | N83: 0 | O83: 0
A84: E2.3.2 | B84: Categoria 2.3.2 - ASSUNZIONE DI ALTRI DEBITI FINANZIARI
A85: E232/10 | B85: Operazioni finanziarie a breve termine | E85: 0 | F85: 0 | G85: 0 | H85: 0 | I85: 0 | J85: 0 | K85: 0 | L85: 0 | M85: 0 | N85: 0 | O85: 0
A86: E232/20 | B86: Depositi di terzi a cauzione | E86: 0 | F86: 0 | G86: 0 | H86: 0 | I86: 0 | J86: 0 | K86: 0 | L86: 0 | M86: 0 | N86: 0 | O86: 0
A87: TOTALE CATEGORIA E2.3.2 | E87: 0 | F87: 0 | G87: 0 | H87: 0 | I87: 0 | J87: 0 | K87: 0 | L87: 0 | M87: 0 | N87: 0 | O87: 0
A88: E2.3.3 | B88: Categoria 2.3.3 - EMISSIONE DI OBBLIGAZIONI
A89: E233/10 | B89: Emissione di obbligazioni | E89: 0 | F89: 0 | G89: 0 | H89: 0 | I89: 0 | J89: 0 | K89: 0 | L89: 0 | M89: 0 | N89: 0 | O89: 0
A90: TOTALE CATEGORIA E2.3.3 | E90: 0 | F90: 0 | G90: 0 | H90: 0 | I90: 0 | J90: 0 | K90: 0 | L90: 0 | M90: 0 | N90: 0 | O90: 0
A91: TOTALE TITOLO E2 | E91: =E90+E87+E83+E80+E76+E72+E69+E65+E61+E58+E54 -> 20733879 | F91: =F90+F87+F83+F80+F76+F72+F69+F65+F61+F58+F54 -> 3355099 | G91: =G90+G87+G83+G80+G76+G72+G69+G65+G61+G58+G54 -> 14137829 | H91: =H90+H87+H83+H80+H76+H72+H69+H65+H61+H58+H54 -> 17492928 | I91: =I90+I87+I83+I80+I76+I72+I69+I65+I61+I58+I54 -> 0 | J91: =J90+J87+J83+J80+J76+J72+J69+J65+J61+J58+J54 -> 3240951 | K91: =K90+K87+K83+K80+K76+K72+K69+K65+K61+K58+K54 -> 61393025 | L91: =L90+L87+L83+L80+L76+L72+L69+L65+L61+L58+L54 -> 11576921 | ... P91: =P90+P87+P83+P80+P76+P72+P69+P65+P61+P58+P54 -> 0
A92: E3 | B92: TITOLO III - PARTITE DI GIRO
A93: E3.1.1 | B93: Categoria 3.1.1 - ENTRATE AVENTI NATURA DI PARTITE DI GIRO
A94: E311/10 | B94: Ritenute erariali | E94: 1500 | F94: 1500 | G94: =H94-F94 -> 0 | H94: =E94 -> 1500 | I94: 0 | J94: 0 | K94: =H94+'Stampa rendiconto PI - ENTR'!H94 -> 1601500 | L94: =F94+'Stampa rendiconto PI - ENTR'!I94 -> 1516861 | M94: 0 | N94: =K94-L94 -> 84639 | O94: ='Stampa rendiconto PI - ENTR'!J94+'Stampa rendiconto PII - ENTRATE'!G94 -> 24295
A95: E311/20 | B95: Ritenute previdenziali ed assistenziali | E95: 0 | F95: 0 | G95: =H95-F95 -> 0 | H95: =E95 -> 0 | I95: 0 | J95: 0 | K95: =H95+'Stampa rendiconto PI - ENTR'!H95 -> 450000 | L95: =F95+'Stampa rendiconto PI - ENTR'!I95 -> 423281 | M95: 0 | N95: =K95-L95 -> 26719 | O95: ='Stampa rendiconto PI - ENTR'!J95+'Stampa rendiconto PII - ENTRATE'!G95 -> 1230
A96: E311/30 | B96: Ritenute diverse | E96: 0 | F96: 0 | G96: =H96-F96 -> 0 | H96: =E96 -> 0 | I96: 0 | J96: 0 | K96: =H96+'Stampa rendiconto PI - ENTR'!H96 -> 5000 | L96: =F96+'Stampa rendiconto PI - ENTR'!I96 -> 3261 | M96: 0 | N96: =K96-L96 -> 1739 | O96: ='Stampa rendiconto PI - ENTR'!J96+'Stampa rendiconto PII - ENTRATE'!G96 -> 0
A97: E311/40 | B97: Recupero dal personale per anticipazioni concesse | E97: 0 | F97: 0 | G97: =H97-F97 -> 0 | H97: =E97 -> 0 | I97: 0 | J97: 0 | K97: =H97+'Stampa rendiconto PI - ENTR'!H97 -> 0 | L97: =F97+'Stampa rendiconto PI - ENTR'!I97 -> 0 | M97: 0 | N97: =K97-L97 -> 0 | O97: ='Stampa rendiconto PI - ENTR'!J97+'Stampa rendiconto PII - ENTRATE'!G97 -> 0
A98: E311/50 | B98: Trattenute per conto terzi | E98: 0 | F98: 0 | G98: =H98-F98 -> 0 | H98: =E98 -> 0 | I98: 0 | J98: 0 | K98: =H98+'Stampa rendiconto PI - ENTR'!H98 -> 0 | L98: =F98+'Stampa rendiconto PI - ENTR'!I98 -> 0 | M98: 0 | N98: =K98-L98 -> 0 | O98: ='Stampa rendiconto PI - ENTR'!J98+'Stampa rendiconto PII - ENTRATE'!G98 -> 0
A99: E311/60 | B99: Rimborso di somme pagate per conto terzi | E99: 501052 | F99: =ROUND(487791.54,0) -> 487792 | G99: =H99-F99 -> 13260 | H99: =E99-J99 -> 501052 | I99: 0 | J99: 0 | K99: =H99+'Stampa rendiconto PI - ENTR'!H99 -> 1701052 | L99: =F99+'Stampa rendiconto PI - ENTR'!I99 -> 1431871 | M99: 0 | N99: =K99-L99 -> 269181 | O99: ='Stampa rendiconto PI - ENTR'!J99+'Stampa rendiconto PII - ENTRATE'!G99 -> 239954
A100: E311/70 | B100: Partite in sospeso | E100: 15097 | F100: 0 | G100: =H100-F100 -> 15097 | H100: =E100 -> 15097 | I100: 0 | J100: 0 | K100: =H100+'Stampa rendiconto PI - ENTR'!H100 -> 45097 | L100: =F100+'Stampa rendiconto PI - ENTR'!I100 -> 16867 | M100: 0 | N100: =K100-L100 -> 28230 | O100: ='Stampa rendiconto PI - ENTR'!J100+'Stampa rendiconto PII - ENTRATE'!G100 -> 15097
A101: E311/80 | B101: Restituzione fondo economato a fine esercizio | E101: 0 | F101: 0 | G101: =H101-F101 -> 0 | H101: =E101 -> 0 | I101: 0 | J101: 0 | K101: =H101+'Stampa rendiconto PI - ENTR'!H101 -> 22500 | L101: =F101+'Stampa rendiconto PI - ENTR'!I101 -> 20000 | M101: 0 | N101: =K101-L101 -> 2500 | O101: ='Stampa rendiconto PI - ENTR'!J101+'Stampa rendiconto PII - ENTRATE'!G101 -> 0
...

Sheet Stampa rendiconto PI - USC 
A1: Autorità di Sistema Portuale del Mar Ionio - Porto di Taranto
A2: RENDICONTO FINANZIARIO GESTIONALE
A3: USCITE PARTE I Dal 01/01/2024 Al 31/12/2024 Anno di gestione: 2024
A5: Capitolo | E5: Gestione di Competenza
E6: Previsioni | I6: Somme da Impegnare | L6: Differenze rispetto alle previsioni
A7: Codice | B7: Descrizione | E7: Stanziamento Iniziale | F7: Variazioni(+) | G7: Variazioni(-) | H7: Previsione Assestata | I7: Pagamenti | J7: Da Pagare | K7: Impegnato | L7: Differenze Previsioni (+) | M7: Differenze Previsioni (-)
A8: U1 | B8: UPB 1 - TITOLO I - USCITE CORRENTI
A9: U1.1.1 | B9: Categoria 1.1.1 - USCITE PER GLI ORGANI DELL'ENTE
A10: U111/10 | B10: Indennità di carica e rimborsi spese al Presidente dell'Autorità Portuale | E10: 301651 | F10: 15000 | G10: 0 | H10: =E10+F10-G10 -> 316651 | I10: =ROUND(287362.37,0) -> 287362 | J10: =K10-I10 -> 164 | K10: =ROUND(287526.28,0) -> 287526 | L10: 0 | M10: =K10-H10 -> -29125
A11: U111/20 | B11: Indennità di carica e rimborsi spese ai membri del Comitato Portuale | E11: 7200 | F11: 0 | G11: 0 | H11: =E11+F11-G11 -> 7200 | I11: 0 | J11: =K11-I11 -> 0 | K11: 0 | L11: 0 | M11: =K11-H11 -> -7200
A12: U111/30 | B12: Indennità di carica e rimborso spese agli organi di controllo | E12: 75700 | F12: 0 | G12: 0 | H12: =E12+F12-G12 -> 75700 | I12: =ROUND(73686.79,0) -> 73687 | J12: =K12-I12 -> 1498 | K12: =ROUND(75184.79,0) -> 75185 | L12: 0 | M12: =K12-H12 -> -515
A13: TOTALE CATEGORIA U1.1.1 | E13: =SUM(E10:E12) -> 384551 | F13: =SUM(F10:F12) -> 15000 | G13: =SUM(G10:G12) -> 0 | H13: =SUM(H10:H12) -> 399551 | I13: =SUM(I10:I12) -> 361049 | J13: =SUM(J10:J12) -> 1662 | K13: =SUM(K10:K12) -> 362711 | L13: =SUM(L10:L12) -> 0 | M13: =SUM(M10:M12) -> -36840
A14: U1.1.2 | B14: Categoria 1.1.2 - ONERI PER IL PERSONALE IN ATTIVITÀ DI SERVIZIO
A15: U112/10 | B15: Emolumenti al Segretario Generale | E15: 224000 | F15: 0 | G15: 0 | H15: =E15+F15-G15 -> 224000 | I15: =ROUND(173221.98,0) -> 173222 | J15: =K15-I15 -> 0 | K15: =ROUND(173221.98,0) -> 173222 | L15: 0 | M15: =K15-H15 -> -50778
A16: U112/20 | B16: Emolumenti fissi al personale dipendente | E16: 2666066 | F16: 0 | G16: 0 | H16: =E16+F16-G16 -> 2666066 | I16: =ROUND(2570277.99,0) -> 2570278 | J16: =K16-I16 -> 33270 | K16: =ROUND(2603548.15,0) -> 2603548 | L16: 0 | M16: =K16-H16 -> -62518
A17: U112/30 | B17: Emolumenti variabili al personale dipendente | E17: 150000 | F17: 0 | G17: 100000 | H17: =E17+F17-G17 -> 50000 | I17: =ROUND(36624.07,0) -> 36624 | J17: =K17-I17 -> 0 | K17: =ROUND(36624.07,0) -> 36624 | L17: 0 | M17: =K17-H17 -> -13376
A18: U112/40 | B18: Indennità e rimborso per missioni | E18: 70000 | F18: 30000 | G18: 0 | H18: =E18+F18-G18 -> 100000 | I18: =ROUND(96144.2,0) -> 96144 | J18: =K18-I18 -> 480 | K18: =ROUND(96624.2,0) -> 96624 | L18: 0 | M18: =K18-H18 -> -3376
A19: U112/50 | B19: Altri oneri per il personale | E19: 6000 | F19: 0 | G19: 0 | H19: =E19+F19-G19 -> 6000 | I19: 0 | J19: =K19-I19 -> 0 | K19: 0 | L19: 0 | M19: =K19-H19 -> -6000
A20: U112/60 | B20: Spese per l'organizzazione di corsi per il personale e partecipaz. a spese per corsi indetti da Enti | E20: 50000 | F20: 3000 | G20: 0 | H20: =E20+F20-G20 -> 53000 | I20: =ROUND(44228.34,0) -> 44228 | J20: =K20-I20 -> 7861 | K20: =ROUND(52088.84,0) -> 52089 | L20: 0 | M20: =K20-H20 -> -911
A21: U112/70 | B21: Oneri previdenziali, assistenziali e fiscali a carico dell'Autorità Portuale | E21: 1192845 | F21: 187000 | G21: 0 | H21: =E21+F21-G21 -> 1379845 | I21: =ROUND(1078999.37,0) -> 1078999 | J21: =K21-I21 -> 267965 | K21: =ROUND(1346963.78,0) -> 1346964 | L21: 0 | M21: =K21-H21 -> -32881
A22: U112/80 | B22: Oneri della contrattazione decentrata o aziendale | E22: 2106781 | F22: 0 | G22: 0 | H22: =E22+F22-G22 -> 2106781 | I22: =ROUND(1843765.75,0) -> 1843766 | J22: =K22-I22 -> 66746 | K22: =ROUND(1910511.55,0) -> 1910512 | L22: 0 | M22: =K22-H22 -> -196269
A23: U112/90 | B23: Oneri derivanti da rinnovi contrattuali | E23: 46000 | F23: 0 | G23: 0 | H23: =E23+F23-G23 -> 46000 | I23: 0 | J23: =K23-I23 -> 0 | K23: 0 | L23: 0 | M23: =K23-H23 -> -46000
A24: TOTALE CATEGORIA U1.1.2 | E24: =SUM(E15:E23) -> 6511692 | F24: =SUM(F15:F23) -> 220000 | G24: =SUM(G15:G23) -> 100000 | H24: =SUM(H15:H23) -> 6631692 | I24: =SUM(I15:I23) -> 5843261 | J24: =SUM(J15:J23) -> 376322 | K24: =SUM(K15:K23) -> 6219583 | L24: =SUM(L15:L23) -> 0 | M24: =SUM(M15:M23) -> -412109
A25: U1.1.3 | B25: Categoria 1.1.3 - USCITE PER L'ACQUISTO DI BENI DI CONSUMO E DI SERVIZIO
A26: U113/10 | B26: Spese connesse con l' utilizzo dei mezzi di trasporto terrestri | E26: 4815 | F26: 0 | G26: 0 | H26: =E26+F26-G26 -> 4815 | I26: =ROUND(4295.22,0) -> 4295 | J26: =K26-I26 -> 520 | K26: 4815 | L26: 0 | M26: =K26-H26 -> 0
A27: U113/20 | B27: Spese connesse con l'utilizzo di mezzi nautici | E27: 0 | F27: 0 | G27: 0 | H27: =E27+F27-G27 -> 0 | I27: 0 | J27: =K27-I27 -> 0 | K27: 0 | L27: 0 | M27: =K27-H27 -> 0
A28: U113/30 | B28: Lavori di manutenzione, riparazione, adattamento di locali a disposizione dell'Autorità Portuale . spese per pulizia e vigilanza ufficio, spese di riscaldamento | E28: 240000 | F28: 0 | G28: 0 | H28: =E28+F28-G28 -> 240000 | I28: =ROUND(102794,0) -> 102794 | J28: =K28-I28 -> 30029 | K28: =ROUND(132823.47,0) -> 132823 | L28: 0 | M28: =K28-H28 -> -107177
A29: U113/40 | B29: Locazioni passive e leasing | E29: 50000 | F29: 0 | G29: 0 | H29: =E29+F29-G29 -> 50000 | I29: =ROUND(40074.84,0) -> 40075 | J29: =K29-I29 -> 2717 | K29: =ROUND(42792.26,0) -> 42792 | L29: 0 | M29: =K29-H29 -> -7208
A30: U113/50 | B30: Spese per consulenze, studi ed altre analoghe prestazioni professionali | E30: 0 | F30: 0 | G30: 0 | H30: =E30+F30-G30 -> 0 | I30: 0 | J30: =K30-I30 -> 0 | K30: 0 | L30: 0 | M30: =K30-H30 -> 0
A31: U113/60 | B31: Utenze varie | E31: 136000 | F31: 0 | G31: 0 | H31: =E31+F31-G31 -> 136000 | I31: =ROUND(65429.53,0) -> 65430 | J31: =K31-I31 -> 63527 | K31: =ROUND(128956.56,0) -> 128957 | L31: 0 | M31: =K31-H31 -> -7043
A32: U113/70 | B32: Materiale di economato e facile consumo | E32: 55000 | F32: 0 | G32: 0 | H32: =E32+F32-G32 -> 55000 | I32: =ROUND(43193.69,0) -> 43194 | J32: =K32-I32 -> 9153 | K32: =ROUND(52347.29,0) -> 52347 | L32: 0 | M32: =K32-H32 -> -2653
A33: U113/80 | B33: Abbonamento periodici e riviste | E33: 20000 | F33: 0 | G33: 0 | H33: =E33+F33-G33 -> 20000 | I33: =ROUND(18119.15,0) -> 18119 | J33: =K33-I33 -> 177 | K33: =ROUND(18295.95,0) -> 18296 | L33: 0 | M33: =K33-H33 -> -1704
A34: U113/90 | B34: Spese postali | E34: 5000 | F34: 0 | G34: 0 | H34: =E34+F34-G34 -> 5000 | I34: =ROUND(125,0) -> 125 | J34: =K34-I34 -> 0 | K34: =ROUND(125,0) -> 125 | L34: 0 | M34: =K34-H34 -> -4875
A35: U113/100 | B35: Spese diverse connesse al funzionamento degli uffici | E35: 132500 | F35: 0 | G35: =ROUND(6146.9,0) -> 6147 | H35: =E35+F35-G35 -> 126353 | I35: =ROUND(25543.84,0) -> 25544 | J35: =K35-I35 -> 100737 | K35: =ROUND(126281,0) -> 126281 | L35: 0 | M35: =K35-H35 -> -72
A36: U113/110 | B36: Spese per atti e contratti vari | E36: 0 | F36: 0 | G36: 0 | H36: =E36+F36-G36 -> 0 | I36: 0 | J36: =K36-I36 -> 0 | K36: 0 | L36: 0 | M36: =K36-H36 -> 0
A37: U113/120 | B37: Spese per trasporto materiali, mobili ed attrezzature speciali | E37: 0 | F37: 0 | G37: 0 | H37: =E37+F37-G37 -> 0 | I37: 0 | J37: =K37-I37 -> 0 | K37: 0 | L37: 0 | M37: =K37-H37 -> 0
A38: U113/130 | B38: Spese per effetti di corredo per il personale dipendente | E38: 6000 | F38: =ROUND(3021.9,0) -> 3022 | G38: 0 | H38: =E38+F38-G38 -> 9022 | I38: =ROUND(9021.9,0) -> 9022 | J38: =K38-I38 -> 0 | K38: =ROUND(9021.9,0) -> 9022 | L38: 0 | M38: =K38-H38 -> 0
A39: U113/140 | B39: Premi di assicurazione | E39: 15000 | F39: 3125 | G39: 0 | H39: =E39+F39-G39 -> 18125 | I39: =ROUND(5950,0) -> 5950 | J39: =K39-I39 -> 12175 | K39: =ROUND(18125,0) -> 18125 | L39: 0 | M39: =K39-H39 -> 0
A40: U113/150 | B40: Spese di pubblicità | E40: 15000 | F40: 0 | G40: 0 | H40: =E40+F40-G40 -> 15000 | I40: =ROUND(11287.43,0) -> 11287 | J40: =K40-I40 -> 1184 | K40: =ROUND(12470.75,0) -> 12471 | L40: 0 | M40: =K40-H40 -> -2529
A41: U113/160 | B41: Spese di rappresentanza | E41: 1000 | F41: 0 | G41: 0 | H41: =E41+F41-G41 -> 1000 | I41: =ROUND(885,0) -> 885 | J41: =K41-I41 -> 0 | K41: 885 | L41: 0 | M41: =K41-H41 -> -115
A42: U113/170 | B42: Spese legali, giudiziarie e varie | E42: 70000 | F42: 0 | G42: 0 | H42: =E42+F42-G42 -> 70000 | I42: =ROUND(5933.44,0) -> 5933 | J42: =K42-I42 -> 6609 | K42: =ROUND(12541.71,0) -> 12542 | L42: 0 | M42: =K42-H42 -> -57458
A43: U113/180 | B43: Manutenzione ordinaria immobile sede ex art. 1, comma 618, L.F. 2008 | E43: 0 | F43: 0 | G43: 0 | H43: =E43+F43-G43 -> 0 | I43: 0 | J43: =K43-I43 -> 0 | K43: 0 | L43: 0 | M43: =K43-H43 -> 0
A44: TOTALE CATEGORIA U1.1.3 | E44: =SUM(E26:E43) -> 750315 | F44: =SUM(F26:F43) -> 6147 | G44: =SUM(G26:G43) -> 6147 | H44: =SUM(H26:H43) -> 750315 | I44: =SUM(I26:I43) -> 332653 | J44: =SUM(J26:J43) -> 226828 | K44: =SUM(K26:K43) -> 559481 | L44: 0 | M44: =SUM(M26:M43) -> -190834
A45: U1.2.1 | B45: Categoria 1.2.1 - USCITE PER PRESTAZIONI ISTITUZIONALI
A46: U121/10 | B46: Prestazioni di terzi per la gestione dei servizi portuali - spese per utenze portuali varie | E46: 2150000 | F46: 0 | G46: 0 | H46: =E46+F46-G46 -> 2150000 | I46: =ROUND(1367643.08,0) -> 1367643 | J46: =K46-I46 -> 416506 | K46: =ROUND(1784148.52,0) -> 1784149 | L46: 0 | M46: =K46-H46 -> -365851
A47: U121/20 | B47: Prestazioni di terzi per manutenzioni, riparazioni, pulizia, assicurazioni e adattamenti diversi delle parti comuni in ambito portuale | E47: 4000000 | F47: 850000 | G47: 0 | H47: =E47+F47-G47 -> 4850000 | I47: =ROUND(1688898.56,0) -> 1688899 | J47: =K47-I47 -> 2279269 | K47: =ROUND(3968168.01,0) -> 3968168 | L47: 0 | M47: =K47-H47 -> -881832
A48: U121/30 | B48: Spese per provviste e lavori indispensabili per la rimozione di ostacoli di qualunque genere alla navigazione in ambito portuale | E48: 205000 | F48: 0 | G48: 0 | H48: =E48+F48-G48 -> 205000 | I48: 0 | J48: =K48-I48 -> 0 | K48: 0 | L48: 0 | M48: =K48-H48 -> -205000
A49: U121/40 | B49: Spese promozionali e di propaganda | E49: 170000 | F49: 0 | G49: 0 | H49: =E49+F49-G49 -> 170000 | I49: =ROUND(97612.48,0) -> 97612 | J49: =K49-I49 -> 72287 | K49: =ROUND(169898.7,0) -> 169899 | L49: 0 | M49: =K49-H49 -> -101
A50: U121/50 | B50: Applicazione comma 15 bis dell'art. 17 della L. 84/94 | E50: 0 | F50: 0 | G50: 0 | H50: =E50+F50-G50 -> 0 | I50: 0 | J50: =K50-I50 -> 0 | K50: 0 | L50: 0 | M50: =K50-H50 -> 0
A51: TOTALE CATEGORIA U1.2.1 | E51: =SUM(E46:E50) -> 6525000 | F51: =SUM(F46:F50) -> 850000 | G51: =SUM(G46:G50) -> 0 | H51: =SUM(H46:H50) -> 7375000 | I51: =SUM(I46:I50) -> 3154154 | J51: =SUM(J46:J50) -> 2768062 | K51: =SUM(K46:K50) -> 5922216 | L51: 0 | M51: =SUM(M46:M50) -> -1452784
A52: U1.2.2 | B52: Categoria 1.2.2 - TRASFERIMENTI PASSIVI
A53: U122/10 | B53: Contributi aventi attinenza allo sviluppo dell'attività portuale | E53: 493200 | F53: 0 | G53: 0 | H53: =E53+F53-G53 -> 493200 | I53: =ROUND(287423.41,0) -> 287423 | J53: =K53-I53 -> 146597 | K53: =ROUND(434019.67,0) -> 434020 | L53: 0 | M53: =K53-H53 -> -59180
A54: U122/20 | B54: Contributi allo sviluppo delle realizzazioni di autostrade del mare,di trasporto marittimo a corto raggio e di crociere | E54: 0 | F54: 0 | G54: 0 | H54: =E54+F54-G54 -> 0 | I54: 0 | J54: =K54-I54 -> 0 | K54: 0 | L54: 0 | M54: =K54-H54 -> 0
A55: U122/30 | B55: Partecipazione a progetti europei, nazionali e regionali | E55: 20000 | F55: 0 | G55: 0 | H55: =E55+F55-G55 -> 20000 | I55: 0 | J55: =K55-I55 -> 0 | K55: 0 | L55: 0 | M55: =K55-H55 -> -20000
A56: TOTALE CATEGORIA U1.2.2 | E56: =SUM(E53:E55) -> 513200 | F56: =SUM(F53:F55) -> 0 | G56: =SUM(G53:G55) -> 0 | H56: =SUM(H53:H55) -> 513200 | I56: =SUM(I53:I55) -> 287423 | J56: =SUM(J53:J55) -> 146597 | K56: =SUM(K53:K55) -> 434020 | L56: =SUM(L53:L55) -> 0 | M56: =SUM(M53:M55) -> -79180
A57: U1.2.3 | B57: Categoria 1.2.3 - ONERI FINANZIARI
A58: U123/10 | B58: Interessi passivi spese e commissioni bancarie | E58: 25000 | F58: 0 | G58: 0 | H58: 25000 | I58: =ROUND(23881.11,0) -> 23881 | J58: =K58-I58 -> 119 | K58: =ROUND(23999.71,0) -> 24000 | L58: 0 | M58: =K58-H58 -> -1000
A59: TOTALE CATEGORIA U1.2.3 | E59: 25000 | F59: 0 | G59: 0 | H59: 25000 | I59: =SUM(I58) -> 23881 | J59: =SUM(J58) -> 119 | K59: =SUM(K58) -> 24000 | L59: 0 | M59: =SUM(M58) -> -1000
A60: U1.2.4 | B60: Categoria 1.2.4 - ONERI TRIBUTARI
A61: U124/10 | B61: Imposte, tasse e tributi vari | E61: 887633 | F61: 200000 | G61: 0 | H61: =E61+F61-G61 -> 1087633 | I61: =ROUND(1026137.34,0) -> 1026137 | J61: =K61-I61 -> 53941 | K61: =ROUND(1080077.57,0) -> 1080078 | L61: 0 | M61: =K61-H61 -> -7555
A62: TOTALE CATEGORIA U1.2.4 | E62: =SUM(E61) -> 887633 | F62: =F61 -> 200000 | G62: 0 | H62: =SUM(H61) -> 1087633 | I62: =SUM(I61) -> 1026137 | J62: =SUM(J61) -> 53941 | K62: =SUM(K61) -> 1080078 | L62: 0 | M62: =SUM(M61) -> -7555
A63: U1.2.5 | B63: Categoria 1.2.5 - POSTE CORRETTIVE E COMPENSATIVE DI ENTRATE CORRENTI
A64: U125/10 | B64: Restituzioni e rimborsi diversi | E64: 15000 | F64: 0 | G64: 0 | H64: 15000 | I64: 0 | J64: 0 | K64: 0 | L64: 0 | M64: =K64-H64 -> -15000
A65: TOTALE CATEGORIA U1.2.5 | E65: 15000 | F65: 0 | G65: 0 | H65: 15000 | I65: 0 | J65: 0 | K65: 0 | L65: 0 | M65: -15000
A66: U1.2.6 | B66: Categoria 1.2.6 - USCITE NON CLASSIFICABILI IN ALTRE VOCI
A67: U126/10 | B67: Spese per liti, arbitraggi, risarcimenti ed accessori | E67: 0 | F67: 0 | G67: 0 | H67: =E67+F67-G67 -> 0 | I67: 0 | J67: 0 | K67: 0 | L67: 0 | M67: =K67-H67 -> 0
A68: U126/20 | B68: Fondo di riserva | E68: 200000 | F68: 0 | G68: 0 | H68: =E68+F68-G68 -> 200000 | I68: 0 | J68: 0 | K68: 0 | L68: 0 | M68: =K68-H68 -> -200000
A69: U126/30 | B69: Oneri vari straordinari | E69: 308863 | F69: 0 | G69: 0 | H69: =E69+F69-G69 -> 308863 | I69: 308863 | J69: 0 | K69: 308863 | L69: 0 | M69: =K69-H69 -> 0
A70: U126/40 | B70: Spese per realizzo delle entrate | E70: 0 | F70: 0 | G70: 0 | H70: =E70+F70-G70 -> 0 | I70: 0 | J70: 0 | K70: 0 | L70: 0 | M70: =K70-H70 -> 0
A71: TOTALE CATEGORIA U1.2.6 | E71: =SUM(E67:E70) -> 508863 | F71: 0 | G71: =SUM(G67:G70) -> 0 | H71: =SUM(H67:H70) -> 508863 | I71: 308863 | J71: 0 | K71: 308863 | L71: 0 | M71: =SUM(M67:M70) -> -200000
A72: U1.3.1 | B72: Categoria 1.3.1 - ONERI PER IL PERSONALE IN QUIESCENZA
A73: U131/10 | B73: Pensioni ed altri oneri similari a carico dell'Autorità Portuale | E73: 0 | F73: 0 | G73: 0 | H73: 0 | I73: 0 | J73: 0 | K73: 0 | L73: 0 | M73: 0
A74: TOTALE CATEGORIA U1.3.1 | E74: 0 | F74: 0 | G74: 0 | H74: 0 | I74: 0 | J74: 0 | K74: 0 | L74: 0 | M74: 0
A75: U1.3.2 | B75: Categoria 1.3.2 - ACCANTONAMENTO AL TRATTAMENTO DI FINE RAPPPORTO (CONTRIBUTO A.P.)
A76: U132/10 | B76: Accantonamento al trattamento di fine rapporto (contributo A.P.) | E76: 0 | F76: 0 | G76: 0 | H76: 0 | I76: 0 | J76: 0 | K76: 0 | L76: 0 | M76: 0
A77: TOTALE CATEGORIA U1.3.2 | E77: 0 | F77: 0 | G77: 0 | H77: 0 | I77: 0 | J77: 0 | K77: 0 | L77: 0 | M77: 0
A78: U1.4.1 | B78: Categoria 1.4.1 - FONDO RISCHI E ONERI
A79: U141/10 | B79: Fondo rischi e oneri | E79: 0 | F79: 0 | G79: 0 | H79: 0 | I79: 0 | J79: 0 | K79: 0 | L79: 0 | M79: 0
A80: TOTALE CATEGORIA U1.4.1 | E80: 0 | F80: 0 | G80: 0 | H80: 0 | I80: 0 | J80: 0 | K80: 0 | L80: 0 | M80: 0
A81: U1.5.1 | B81: Categoria 1.5.1 - ACCANTONAMENTI A FONDI RISCHI E ONERI
A82: U151/10 | B82: Accantonamenti a fondi rischi ed oneri | E82: 0 | F82: 0 | G82: 0 | H82: 0 | I82: 0 | J82: 0 | K82: 0 | L82: 0 | M82: 0
A83: TOTALE CATEGORIA U1.5.1 | E83: 0 | F83: 0 | G83: 0 | H83: 0 | I83: 0 | J83: 0 | K83: 0 | L83: 0 | M83: 0
A84: TOTALE TITOLO U1 | E84: =E83+E80+E77+E74+E71+E65+E62+E59+E56+E51+E44+E24+E13 -> 16121254 | F84: =F83+F80+F77+F74+F71+F65+F62+F59+F56+F51+F44+F24+F13 -> 1291147 | G84: =G83+G80+G77+G74+G71+G65+G62+G59+G56+G51+G44+G24+G13 -> 106147 | H84: =H83+H80+H77+H74+H71+H65+H62+H59+H56+H51+H44+H24+H13 -> 17306254 | I84: =I83+I80+I77+I74+I71+I65+I62+I59+I56+I51+I44+I24+I13 -> 11337421 | J84: =J83+J80+J77+J74+J71+J65+J62+J59+J56+J51+J44+J24+J13 -> 3573531 | K84: =K83+K80+K77+K74+K71+K65+K62+K59+K56+K51+K44+K24+K13 -> 14910952 | L84: =L83+L80+L77+L74+L71+L65+L62+L59+L56+L51+L44+L24+L13 -> 0 | M84: =M83+M80+M77+M74+M71+M65+M62+M59+M56+M51+M44+M24+M13 -> -2395302
A85: U2 | B85: UPB 2 - TITOLO II - USCITE IN CONTO CAPITALE
A86: U2.1.1 | B86: Categoria 2.1.1 - ACQUISIZIONE DI BENI DI USO DUREVOLE ED OPERE IMMOBILIARI E INVESTIMENTI
A87: U211/10 | B87: Acquisizione, costruzione, trasformazione di opere portuali ed immobiliari - approfondimento fondali | E87: 202000000 | F87: 0 | G87: 10125000 | H87: =E87+F87-G87 -> 191875000 | I87: =ROUND(14862491.69,0) -> 14862492 | J87: =K87-I87 -> 72056937 | K87: =ROUND(86919428.79,0) -> 86919429 | L87: 0 | M87: =K87-H87 -> -104955571
A88: U211/20 | B88: Prestazione di terzi per manutenzioni straordinarie delle parti comuni in ambito portuale, compresa la manutenzione dei fondali | E88: 1000000 | F88: 0 | G88: 0 | H88: =E88+F88-G88 -> 1000000 | I88: 0 | J88: 0 | K88: 0 | L88: 0 | M88: =K88-H88 -> -1000000
A89: U211/30 | B89: Azioni per lo sviluppo strategico del porto - studi, progettazioni, investimenti, ricerche logistica | E89: 2030000 | F89: 0 | G89: 290000 | H89: =E89+F89-G89 -> 1740000 | I89: =ROUND(41705.96,0) -> 41706 | J89: =K89-I89 -> 9421 | K89: =ROUND(51127,0) -> 51127 | L89: 0 | M89: =K89-H89 -> -1688873
A90: U211/40 | B90: Manutenzione straordinaria immbile sede ex art. 1, comma 618, L.F. 2008 | E90: 0 | F90: 0 | G90: 0 | H90: =E90+F90-G90 -> 0 | I90: 0 | J90: =K90-I90 -> 0 | K90: 0 | L90: 0 | M90: =K90-H90 -> 0
A91: TOTALE CATEGORIA U2.1.1 | E91: =SUM(E87:E90) -> 205030000 | F91: =SUM(F87:F90) -> 0 | G91: =SUM(G87:G90) -> 10415000 | H91: =SUM(H87:H90) -> 194615000 | I91: =SUM(I87:I90) -> 14904198 | J91: =SUM(J87:J90) -> 72066358 | K91: =SUM(K87:K90) -> 86970556 | L91: =SUM(L87:L90) -> 0 | M91: =SUM(M87:M90) -> -107644444
A92: U2.1.2 | B92: Categoria 2.1.2 - ACQUISIZIONE DI IMMOBILIZZAZIONI TECNICHE
A93: U212/10 | B93: Acquisto di attrezzature e macchinari | E93: 250000 | F93: 0 | G93: 0 | H93: =E93+F93-G93 -> 250000 | I93: =ROUND(103899.42,0) -> 103899 | J93: =K93-I93 -> 10 | K93: =ROUND(103909.4,0) -> 103909 | L93: 0 | M93: =K93-H93 -> -146091
A94: U212/20 | B94: Acquisto autoveicoli e motoveicoli e parti di ricambio degli stessi | E94: 0 | F94: 0 | G94: 0 | H94: =E94+F94-G94 -> 0 | I94: 0 | J94: =K94-I94 -> 0 | K94: 0 | L94: 0 | M94: =K94-H94 -> 0
A95: U212/30 | B95: Acquisto mezzi nautici e parti di ricambio degli stessi | E95: 0 | F95: 0 | G95: 0 | H95: =E95+F95-G95 -> 0 | I95: 0 | J95: =K95-I95 -> 0 | K95: 0 | L95: 0 | M95: =K95-H95 -> 0
A96: U212/40 | B96: Acquisto di beni immateriali (progetti, brevetti, ecc) | E96: 4000000 | F96: 140500 | G96: 0 | H96: =E96+F96-G96 -> 4140500 | I96: =ROUND(1774567.47,0) -> 1774567 | J96: =K96-I96 -> 1503427 | K96: =ROUND(3277993.53,0) -> 3277994 | L96: 0 | M96: =K96-H96 -> -862506
A97: U212/50 | B97: Acquisto di mobili e macchine di ufficio | E97: 300000 | F97: 0 | G97: 0 | H97: =E97+F97-G97 -> 300000 | I97: =ROUND(1149,0) -> 1149 | J97: =K97-I97 -> 0 | K97: 1149 | L97: 0 | M97: =K97-H97 -> -298851
A98: TOTALE CATEGORIA U2.1.2 | E98: =SUM(E93:E97) -> 4550000 | F98: =SUM(F93:F97) -> 140500 | G98: =SUM(G93:G97) -> 0 | H98: =SUM(H93:H97) -> 4690500 | I98: =SUM(I93:I97) -> 1879615 | J98: =SUM(J93:J97) -> 1503437 | K98: =SUM(K93:K97) -> 3383052 | L98: =SUM(L93:L97) -> 0 | M98: =SUM(M93:M97) -> -1307448
A99: U2.1.3 | B99: Categoria 2.1.3 - PARTECIPAZIONI ED ACQUISTO DI VALORI MOBILIARI
A100: U213/10 | B100: Sottoscrizioni ed acquisti di partecipazioni azionarie | E100: 51000 | F100: 0 | G100: 3500 | H100: =E100+F100-G100 -> 47500 | I100: 0 | J100: =K100-I100 -> 0 | K100: 0 | L100: 0 | M100: =K100-H100 -> -47500
A101: U213/20 | B101: Partecipazione a progetti Europei, Nazionali e Regionali | E101: 420000 | F101: 0 | G101: 0 | H101: =E101+F101-G101 -> 420000 | I101: =ROUND(61149.67,0) -> 61150 | J101: =K101-I101 -> 2 | K101: =ROUND(61151.35,0)+1 -> 61152 | L101: 0 | M101: =K101-H101 -> -358848
...

Sheet Stampa rendiconto PII - USCITE
A1: Autorità di Sistema Portuale del Mar Ionio - Porto di Taranto
A2: RENDICONTO FINANZIARIO GESTIONALE
A3: USCITE PARTE II Dal 01/01/2024 Al 31/12/2024 Anno di gestione: 2024
A5: Capitolo | E5: Gestione dei residui passivi | K5: Gestione di Cassa
I6: Variazioni | M6: Differenze rispetto alle previsioni
A7: Codice | B7: Descrizione | E7: Inizio Esercizio | F7: Pagamenti | G7: Da Pagare | H7: Totale | I7: Variazioni Residui(+) | J7: Variazioni Residui(-) | K7: Previsione Assestata | L7: Pagamenti | M7: Differenza previsioni(+) | N7: Differenza previsioni(-) | O7: Totale Residui
A8: U1 | B8: UPB 1 - TITOLO I - USCITE CORRENTI
A9: U1.1.1 | B9: Categoria 1.1.1 - USCITE PER GLI ORGANI DELL'ENTE
A10: U111/10 | B10: Indennità di carica e rimborsi spese al Presidente dell'Autorità Portuale | E10: 2087 | F10: =ROUND(1941.06,0) -> 1941 | G10: =H10-F10 -> 0 | H10: =E10-J10 -> 1941 | I10: 0 | J10: 146 | K10: =H10+'Stampa rendiconto PI - USC '!H10 -> 318592 | L10: =F10+'Stampa rendiconto PI - USC '!I10 -> 289303 | M10: 0 | N10: =K10-L10 -> 29289 | O10: =G10+'Stampa rendiconto PI - USC '!J10 -> 164
A11: U111/20 | B11: Indennità di carica e rimborsi spese ai membri del Comitato Portuale | E11: 580 | F11: 330 | G11: =H11-F11 -> 250 | H11: =E11 -> 580 | I11: 0 | J11: 0 | K11: =H11+'Stampa rendiconto PI - USC '!H11 -> 7780 | L11: =F11+'Stampa rendiconto PI - USC '!I11 -> 330 | M11: 0 | N11: =K11-L11 -> 7450 | O11: =G11+'Stampa rendiconto PI - USC '!J11 -> 250
A12: U111/30 | B12: Indennità di carica e rimborso spese agli organi di controllo | E12: 7224 | F12: =ROUND(7163.39,0)+1 -> 7164 | G12: =H12-F12 -> 0 | H12: =E12-J12 -> 7164 | I12: 0 | J12: 60 | K12: =H12+'Stampa rendiconto PI - USC '!H12 -> 82864 | L12: =F12+'Stampa rendiconto PI - USC '!I12 -> 80851 | M12: 0 | N12: =K12-L12 -> 2013 | O12: =G12+'Stampa rendiconto PI - USC '!J12 -> 1498
A13: TOTALE CATEGORIA U1.1.1 | E13: =SUM(E10:E12) -> 9891 | F13: =SUM(F10:F12) -> 9435 | G13: =SUM(G10:G12) -> 250 | H13: =SUM(H10:H12) -> 9685 | I13: =SUM(I10:I12) -> 0 | J13: =SUM(J10:J12) -> 206 | K13: =SUM(K10:K12) -> 409236 | L13: =SUM(L10:L12) -> 370484 | ... N13: =SUM(N10:N12) -> 38752 | O13: =SUM(O10:P12) -> 1912
A14: U1.1.2 | B14: Categoria 1.1.2 - ONERI PER IL PERSONALE IN ATTIVITÀ DI SERVIZIO
A15: U112/10 | B15: Emolumenti al Segretario Generale | E15: 0 | F15: 0 | G15: =H15-F15 -> 0 | H15: =E15 -> 0 | I15: 0 | J15: 0 | K15: =H15+'Stampa rendiconto PI - USC '!H15 -> 224000 | L15: =F15+'Stampa rendiconto PI - USC '!I15 -> 173222 | M15: 0 | N15: =K15-L15 -> 50778 | O15: =G15+'Stampa rendiconto PI - USC '!J15 -> 0
A16: U112/20 | B16: Emolumenti fissi al personale dipendente | E16: 38789 | F16: =E16 -> 38789 | G16: =H16-F16 -> 0 | H16: =E16 -> 38789 | I16: 0 | J16: 0 | K16: =H16+'Stampa rendiconto PI - USC '!H16 -> 2704855 | L16: =F16+'Stampa rendiconto PI - USC '!I16 -> 2609067 | M16: 0 | N16: =K16-L16 -> 95788 | O16: =G16+'Stampa rendiconto PI - USC '!J16 -> 33270
A17: U112/30 | B17: Emolumenti variabili al personale dipendente | E17: 0 | F17: 0 | G17: =H17-F17 -> 0 | H17: =E17 -> 0 | I17: 0 | J17: 0 | K17: =H17+'Stampa rendiconto PI - USC '!H17 -> 50000 | L17: =F17+'Stampa rendiconto PI - USC '!I17 -> 36624 | M17: 0 | N17: =K17-L17 -> 13376 | O17: =G17+'Stampa rendiconto PI - USC '!J17 -> 0
A18: U112/40 | B18: Indennità e rimborso per missioni | E18: 1929 | F18: =ROUND(1919.06,0) -> 1919 | G18: =H18-F18 -> 0 | H18: =E18-J18 -> 1919 | I18: 0 | J18: 10 | K18: =H18+'Stampa rendiconto PI - USC '!H18 -> 101919 | L18: =F18+'Stampa rendiconto PI - USC '!I18 -> 98063 | M18: 0 | N18: =K18-L18 -> 3856 | O18: =G18+'Stampa rendiconto PI - USC '!J18 -> 480
A19: U112/50 | B19: Altri oneri per il personale | E19: 0 | F19: 0 | G19: =H19-F19 -> 0 | H19: =E19 -> 0 | I19: 0 | J19: 0 | K19: =H19+'Stampa rendiconto PI - USC '!H19 -> 6000 | L19: =F19+'Stampa rendiconto PI - USC '!I19 -> 0 | M19: 0 | N19: =K19-L19 -> 6000 | O19: =G19+'Stampa rendiconto PI - USC '!J19 -> 0
A20: U112/60 | B20: Spese per l'organizzazione di corsi per il personale e partecipaz. a spese per corsi indetti da Enti | E20: 23074 | F20: =ROUND(22594.2,0) -> 22594 | G20: =H20-F20 -> 0 | H20: =E20-J20 -> 22594 | I20: 0 | J20: 480 | K20: =H20+'Stampa rendiconto PI - USC '!H20 -> 75594 | L20: =F20+'Stampa rendiconto PI - USC '!I20 -> 66822 | M20: 0 | N20: =K20-L20 -> 8772 | O20: =G20+'Stampa rendiconto PI - USC '!J20 -> 7861
A21: U112/70 | B21: Oneri previdenziali, assistenziali e fiscali a carico dell'Autorità Portuale | E21: 243866 | F21: =ROUND(140722.35,0) -> 140722 | G21: =H21-F21 -> 103001 | H21: =E21-J21 -> 243723 | I21: 0 | J21: 143 | K21: =H21+'Stampa rendiconto PI - USC '!H21 -> 1623568 | L21: =F21+'Stampa rendiconto PI - USC '!I21 -> 1219721 | M21: 0 | N21: =K21-L21 -> 403847 | O21: =G21+'Stampa rendiconto PI - USC '!J21 -> 370966
A22: U112/80 | B22: Oneri della contrattazione decentrata o aziendale | E22: 0 | F22: 0 | G22: =H22-F22 -> 0 | H22: =E22 -> 0 | I22: 0 | J22: 0 | K22: =H22+'Stampa rendiconto PI - USC '!H22 -> 2106781 | L22: =F22+'Stampa rendiconto PI - USC '!I22 -> 1843766 | M22: 0 | N22: =K22-L22 -> 263015 | O22: =G22+'Stampa rendiconto PI - USC '!J22 -> 66746
A23: U112/90 | B23: Oneri derivanti da rinnovi contrattuali | E23: 0 | F23: 0 | G23: =H23-F23 -> 0 | H23: =E23 -> 0 | I23: 0 | J23: 0 | K23: =H23+'Stampa rendiconto PI - USC '!H23 -> 46000 | L23: =F23+'Stampa rendiconto PI - USC '!I23 -> 0 | M23: 0 | N23: =K23-L23 -> 46000 | O23: =G23+'Stampa rendiconto PI - USC '!J23 -> 0
A24: TOTALE CATEGORIA U1.1.2 | E24: =SUM(E15:E23) -> 307658 | F24: =SUM(F15:F23) -> 204024 | G24: =SUM(G15:G23) -> 103001 | H24: =SUM(H15:H23) -> 307025 | I24: =SUM(I15:I23) -> 0 | J24: =SUM(J15:J23) -> 633 | K24: =SUM(K15:K23) -> 6938717 | L24: =SUM(L15:L23) -> 6047285 | ... N24: =SUM(N15:N23) -> 891432 | O24: =SUM(O15:P23) -> 479323
A25: U1.1.3 | B25: Categoria 1.1.3 - USCITE PER L'ACQUISTO DI BENI DI CONSUMO E DI SERVIZIO
A26: U113/10 | B26: Spese connesse con l' utilizzo dei mezzi di trasporto terrestri | E26: 11078 | F26: =ROUND(3452.4,0) -> 3452 | G26: =H26-F26 -> 7626 | H26: =E26-J26 -> 11078 | I26: 0 | J26: 0 | K26: =H26+'Stampa rendiconto PI - USC '!H26 -> 15893 | L26: =F26+'Stampa rendiconto PI - USC '!I26 -> 7747 | M26: 0 | N26: =K26-L26 -> 8146 | O26: =G26+'Stampa rendiconto PI - USC '!J26 -> 8146
A27: U113/20 | B27: Spese connesse con l'utilizzo di mezzi nautici | E27: 0 | F27: 0 | G27: =H27-F27 -> 0 | H27: =E27-J27 -> 0 | I27: 0 | J27: 0 | K27: =H27+'Stampa rendiconto PI - USC '!H27 -> 0 | L27: =F27+'Stampa rendiconto PI - USC '!I27 -> 0 | M27: 0 | N27: =K27-L27 -> 0 | O27: =G27+'Stampa rendiconto PI - USC '!J27 -> 0
A28: U113/30 | B28: Lavori di manutenzione, riparazione, adattamento di locali a disposizione dell'Autorità Portuale . spese per pulizia e vigilanza ufficio, spese di riscaldamento | E28: 43164 | F28: =ROUND(35857.17,0) -> 35857 | G28: =H28-F28 -> 7307 | H28: =E28-J28 -> 43164 | I28: 0 | J28: 0 | K28: =H28+'Stampa rendiconto PI - USC '!H28 -> 283164 | L28: =F28+'Stampa rendiconto PI - USC '!I28 -> 138651 | M28: 0 | N28: =K28-L28 -> 144513 | O28: =G28+'Stampa rendiconto PI - USC '!J28 -> 37336
A29: U113/40 | B29: Locazioni passive e leasing | E29: 2873 | F29: =ROUND(2466.97,0) -> 2467 | G29: =H29-F29 -> 163 | H29: =E29-J29 -> 2630 | I29: 0 | J29: 243 | K29: =H29+'Stampa rendiconto PI - USC '!H29 -> 52630 | L29: =F29+'Stampa rendiconto PI - USC '!I29 -> 42542 | M29: 0 | N29: =K29-L29 -> 10088 | O29: =G29+'Stampa rendiconto PI - USC '!J29 -> 2880
A30: U113/50 | B30: Spese per consulenze, studi ed altre analoghe prestazioni professionali | E30: 0 | F30: 0 | G30: =H30-F30 -> 0 | H30: =E30-J30 -> 0 | I30: 0 | J30: 0 | K30: =H30+'Stampa rendiconto PI - USC '!H30 -> 0 | L30: =F30+'Stampa rendiconto PI - USC '!I30 -> 0 | M30: 0 | N30: =K30-L30 -> 0 | O30: =G30+'Stampa rendiconto PI - USC '!J30 -> 0
A31: U113/60 | B31: Utenze varie | E31: 40205 | F31: =ROUND(26109.93,0) -> 26110 | G31: =H31-F31 -> 14095 | H31: =E31-J31 -> 40205 | I31: 0 | J31: 0 | K31: =H31+'Stampa rendiconto PI - USC '!H31 -> 176205 | L31: =F31+'Stampa rendiconto PI - USC '!I31 -> 91540 | M31: 0 | N31: =K31-L31 -> 84665 | O31: =G31+'Stampa rendiconto PI - USC '!J31 -> 77622
A32: U113/70 | B32: Materiale di economato e facile consumo | E32: 1157 | F32: =ROUND(1157.79,0) -> 1158 | G32: =H32-F32 -> -1 | H32: =E32-J32 -> 1157 | I32: 0 | J32: 0 | K32: =H32+'Stampa rendiconto PI - USC '!H32 -> 56157 | L32: =F32+'Stampa rendiconto PI - USC '!I32 -> 44352 | M32: 0 | N32: =K32-L32 -> 11805 | O32: =G32+'Stampa rendiconto PI - USC '!J32 -> 9152
A33: U113/80 | B33: Abbonamento periodici e riviste | E33: 177 | F33: =ROUND(176.8,0) -> 177 | G33: =H33-F33 -> 0 | H33: =E33-J33 -> 177 | I33: 0 | J33: 0 | K33: =H33+'Stampa rendiconto PI - USC '!H33 -> 20177 | L33: =F33+'Stampa rendiconto PI - USC '!I33 -> 18296 | M33: 0 | N33: =K33-L33 -> 1881 | O33: =G33+'Stampa rendiconto PI - USC '!J33 -> 177
A34: U113/90 | B34: Spese postali | E34: 1152 | F34: =ROUND(831.82,0) -> 832 | G34: =H34-F34 -> 320 | H34: =E34-J34 -> 1152 | I34: 0 | J34: 0 | K34: =H34+'Stampa rendiconto PI - USC '!H34 -> 6152 | L34: =F34+'Stampa rendiconto PI - USC '!I34 -> 957 | M34: 0 | N34: =K34-L34 -> 5195 | O34: =G34+'Stampa rendiconto PI - USC '!J34 -> 320
A35: U113/100 | B35: Spese diverse connesse al funzionamento degli uffici | E35: 56107 | F35: =ROUND(48313.52,0) -> 48314 | G35: =H35-F35 -> 7102 | H35: =E35-J35 -> 55416 | I35: 0 | J35: 691 | K35: =H35+'Stampa rendiconto PI - USC '!H35 -> 181769 | L35: =F35+'Stampa rendiconto PI - USC '!I35 -> 73858 | M35: 0 | N35: =K35-L35 -> 107911 | O35: =G35+'Stampa rendiconto PI - USC '!J35 -> 107839
A36: U113/110 | B36: Spese per atti e contratti vari | E36: 0 | F36: 0 | G36: =H36-F36 -> 0 | H36: =E36-J36 -> 0 | I36: 0 | J36: 0 | K36: =H36+'Stampa rendiconto PI - USC '!H36 -> 0 | L36: =F36+'Stampa rendiconto PI - USC '!I36 -> 0 | M36: 0 | N36: =K36-L36 -> 0 | O36: =G36+'Stampa rendiconto PI - USC '!J36 -> 0
A37: U113/120 | B37: Spese per trasporto materiali, mobili ed attrezzature speciali | E37: 0 | F37: 0 | G37: =H37-F37 -> 0 | H37: =E37-J37 -> 0 | I37: 0 | J37: 0 | K37: =H37+'Stampa rendiconto PI - USC '!H37 -> 0 | L37: =F37+'Stampa rendiconto PI - USC '!I37 -> 0 | M37: 0 | N37: =K37-L37 -> 0 | O37: =G37+'Stampa rendiconto PI - USC '!J37 -> 0
A38: U113/130 | B38: Spese per effetti di corredo per il personale dipendente | E38: 0 | F38: 0 | G38: =H38-F38 -> 0 | H38: =E38-J38 -> 0 | I38: 0 | J38: 0 | K38: =H38+'Stampa rendiconto PI - USC '!H38 -> 9022 | L38: =F38+'Stampa rendiconto PI - USC '!I38 -> 9022 | M38: 0 | N38: =K38-L38 -> 0 | O38: =G38+'Stampa rendiconto PI - USC '!J38 -> 0
A39: U113/140 | B39: Premi di assicurazione | E39: 0 | F39: 0 | G39: =H39-F39 -> 0 | H39: =E39-J39 -> 0 | I39: 0 | J39: 0 | K39: =H39+'Stampa rendiconto PI - USC '!H39 -> 18125 | L39: =F39+'Stampa rendiconto PI - USC '!I39 -> 5950 | M39: 0 | N39: =K39-L39 -> 12175 | O39: =G39+'Stampa rendiconto PI - USC '!J39 -> 12175
A40: U113/150 | B40: Spese di pubblicità | E40: 0 | F40: 0 | G40: =H40-F40 -> 0 | H40: =E40-J40 -> 0 | I40: 0 | J40: 0 | K40: =H40+'Stampa rendiconto PI - USC '!H40 -> 15000 | L40: =F40+'Stampa rendiconto PI - USC '!I40 -> 11287 | M40: 0 | N40: =K40-L40 -> 3713 | O40: =G40+'Stampa rendiconto PI - USC '!J40 -> 1184
A41: U113/160 | B41: Spese di rappresentanza | E41: 288 | F41: =E41 -> 288 | G41: =H41-F41 -> 0 | H41: =E41-J41 -> 288 | I41: 0 | J41: 0 | K41: =H41+'Stampa rendiconto PI - USC '!H41 -> 1288 | L41: =F41+'Stampa rendiconto PI - USC '!I41 -> 1173 | M41: 0 | N41: =K41-L41 -> 115 | O41: =G41+'Stampa rendiconto PI - USC '!J41 -> 0
A42: U113/170 | B42: Spese legali, giudiziarie e varie | E42: 6027 | F42: 0 | G42: =H42-F42 -> 6027 | H42: =E42-J42 -> 6027 | I42: 0 | J42: 0 | K42: =H42+'Stampa rendiconto PI - USC '!H42 -> 76027 | L42: =F42+'Stampa rendiconto PI - USC '!I42 -> 5933 | M42: 0 | N42: =K42-L42 -> 70094 | O42: =G42+'Stampa rendiconto PI - USC '!J42 -> 12636
A43: U113/180 | B43: Manutenzione ordinaria immobile sede ex art. 1, comma 618, L.F. 2008 | E43: 0 | F43: 0 | G43: =H43-F43 -> 0 | H43: =E43-J43 -> 0 | I43: 0 | J43: 0 | K43: =H43+'Stampa rendiconto PI - USC '!H43 -> 0 | L43: =F43+'Stampa rendiconto PI - USC '!I43 -> 0 | M43: 0 | N43: =K43-L43 -> 0 | O43: =G43+'Stampa rendiconto PI - USC '!J43 -> 0
A44: TOTALE CATEGORIA U1.1.3 | E44: =SUM(E26:E43) -> 162228 | F44: =SUM(F26:F43) -> 118655 | G44: =SUM(G26:G43) -> 42639 | H44: =SUM(H26:H43) -> 161294 | I44: =SUM(I26:I43) -> 0 | J44: =SUM(J26:J43) -> 934 | K44: =SUM(K26:K43) -> 911609 | L44: =SUM(L26:L43) -> 451308 | ... N44: =SUM(N26:N43) -> 460301 | O44: =SUM(O26:P43) -> 269467
A45: U1.2.1 | B45: Categoria 1.2.1 - USCITE PER PRESTAZIONI ISTITUZIONALI
A46: U121/10 | B46: Prestazioni di terzi per la gestione dei servizi portuali - spese per utenze portuali varie | E46: 277493 | F46: =ROUND(241963.4,0) -> 241963 | G46: =H46-F46 -> 35530 | H46: =E46-J46 -> 277493 | I46: 0 | J46: 0 | K46: =H46+'Stampa rendiconto PI - USC '!H46 -> 2427493 | L46: =F46+'Stampa rendiconto PI - USC '!I46 -> 1609606 | M46: 0 | N46: =K46-L46 -> 817887 | O46: =G46+'Stampa rendiconto PI - USC '!J46 -> 452036
A47: U121/20 | B47: Prestazioni di terzi per manutenzioni, riparazioni, pulizia, assicurazioni e adattamenti diversi delle parti comuni in ambito portuale | E47: 1449687 | F47: =ROUND(1372371.63,0) -> 1372372 | G47: =H47-F47 -> 77315 | H47: =E47-J47 -> 1449687 | I47: 0 | J47: 0 | K47: =H47+'Stampa rendiconto PI - USC '!H47 -> 6299687 | L47: =F47+'Stampa rendiconto PI - USC '!I47 -> 3061271 | M47: 0 | N47: =K47-L47 -> 3238416 | O47: =G47+'Stampa rendiconto PI - USC '!J47 -> 2356584
A48: U121/30 | B48: Spese per provviste e lavori indispensabili per la rimozione di ostacoli di qualunque genere alla navigazione in ambito portuale | E48: 0 | F48: 0 | G48: =H48-F48 -> 0 | H48: =E48 -> 0 | I48: 0 | J48: 0 | K48: =H48+'Stampa rendiconto PI - USC '!H48 -> 205000 | L48: =F48+'Stampa rendiconto PI - USC '!I48 -> 0 | M48: 0 | N48: =K48-L48 -> 205000 | O48: =G48+'Stampa rendiconto PI - USC '!J48 -> 0
A49: U121/40 | B49: Spese promozionali e di propaganda | E49: 48691 | F49: =ROUND(37145.94,0) -> 37146 | G49: =H49-F49 -> 11545 | H49: =E49-J49 -> 48691 | I49: 0 | J49: 0 | K49: =H49+'Stampa rendiconto PI - USC '!H49 -> 218691 | L49: =F49+'Stampa rendiconto PI - USC '!I49 -> 134758 | M49: 0 | N49: =K49-L49 -> 83933 | O49: =G49+'Stampa rendiconto PI - USC '!J49 -> 83832
A50: U121/50 | B50: Applicazione comma 15 bis dell'art. 17 della L. 84/94 | E50: 0 | F50: 0 | G50: =H50-F50 -> 0 | H50: =E50 -> 0 | I50: 0 | J50: 0 | K50: =H50+'Stampa rendiconto PI - USC '!H50 -> 0 | L50: =F50+'Stampa rendiconto PI - USC '!I50 -> 0 | M50: 0 | N50: =K50-L50 -> 0 | O50: =G50+'Stampa rendiconto PI - USC '!J50 -> 0
A51: TOTALE CATEGORIA U1.2.1 | E51: =SUM(E46:E50) -> 1775871 | F51: =SUM(F46:F50) -> 1651481 | G51: =SUM(G46:G50) -> 124390 | H51: =SUM(H46:H50) -> 1775871 | I51: =SUM(I46:I50) -> 0 | J51: =SUM(J46:J50) -> 0 | K51: =SUM(K46:K50) -> 9150871 | L51: =SUM(L46:L50) -> 4805635 | ... N51: =SUM(N46:N50) -> 4345236 | O51: =SUM(O46:P50) -> 2892452
A52: U1.2.2 | B52: Categoria 1.2.2 - TRASFERIMENTI PASSIVI
A53: U122/10 | B53: Contributi aventi attinenza allo sviluppo dell'attività portuale | E53: 164264 | F53: =ROUND(76949.06,0) -> 76949 | G53: =H53-F53 -> 87315 | H53: =E53-J53 -> 164264 | I53: 0 | J53: 0 | K53: =H53+'Stampa rendiconto PI - USC '!H53 -> 657464 | L53: =F53+'Stampa rendiconto PI - USC '!I53 -> 364372 | M53: 0 | N53: =K53-L53 -> 293092 | O53: =G53+'Stampa rendiconto PI - USC '!J53 -> 233912
A54: U122/20 | B54: Contributi allo sviluppo delle realizzazioni di autostrade del mare,di trasporto marittimo a corto raggio e di crociere | E54: 0 | F54: 0 | G54: =H54-F54 -> 0 | H54: =E54 -> 0 | I54: 0 | J54: 0 | K54: =H54+'Stampa rendiconto PI - USC '!H54 -> 0 | L54: =F54+'Stampa rendiconto PI - USC '!I54 -> 0 | M54: 0 | N54: =K54-L54 -> 0 | O54: =G54+'Stampa rendiconto PI - USC '!J54 -> 0
A55: U122/30 | B55: Partecipazione a progetti europei, nazionali e regionali | E55: 0 | F55: 0 | G55: =H55-F55 -> 0 | H55: =E55 -> 0 | I55: 0 | J55: 0 | K55: =H55+'Stampa rendiconto PI - USC '!H55 -> 20000 | L55: =F55+'Stampa rendiconto PI - USC '!I55 -> 0 | M55: 0 | N55: =K55-L55 -> 20000 | O55: =G55+'Stampa rendiconto PI - USC '!J55 -> 0
A56: TOTALE CATEGORIA U1.2.2 | E56: =SUM(E53:E55) -> 164264 | F56: =SUM(F53:F55) -> 76949 | G56: =SUM(G53:G55) -> 87315 | H56: =SUM(H53:H55) -> 164264 | I56: =SUM(I53:I55) -> 0 | J56: =SUM(J53:J55) -> 0 | K56: =SUM(K53:K55) -> 677464 | L56: =SUM(L53:L55) -> 364372 | ... N56: =SUM(N53:N55) -> 313092 | O56: =SUM(O53:P55) -> 233912
A57: U1.2.3 | B57: Categoria 1.2.3 - ONERI FINANZIARI
A58: U123/10 | B58: Interessi passivi spese e commissioni bancarie | E58: 155 | F58: =ROUND(82.81,0) -> 83 | G58: =H58-F58 -> 72 | H58: =E58-J58 -> 155 | I58: 0 | J58: 0 | K58: =H58+'Stampa rendiconto PI - USC '!H58 -> 25155 | L58: =F58+'Stampa rendiconto PI - USC '!I58 -> 23964 | M58: 0 | N58: =K58-L58 -> 1191 | O58: =G58+'Stampa rendiconto PI - USC '!J58 -> 191
A59: TOTALE CATEGORIA U1.2.3 | E59: =SUM(E58) -> 155 | F59: =SUM(F58) -> 83 | G59: =SUM(G58) -> 72 | H59: =SUM(H58) -> 155 | I59: =SUM(I58) -> 0 | J59: =SUM(J58) -> 0 | K59: =SUM(K58) -> 25155 | L59: =SUM(L58) -> 23964 | ... O59: =SUM(O58) -> 191
A60: U1.2.4 | B60: Categoria 1.2.4 - ONERI TRIBUTARI
A61: U124/10 | B61: Imposte, tasse e tributi vari | E61: 42354 | F61: =ROUND(42098.66,0) -> 42099 | G61: =H61-F61 -> 255 | H61: =E61 -> 42354 | I61: 0 | J61: 0 | K61: =H61+'Stampa rendiconto PI - USC '!H61 -> 1129987 | L61: =F61+'Stampa rendiconto PI - USC '!I61 -> 1068236 | M61: 0 | N61: =K61-L61 -> 61751 | O61: =G61+'Stampa rendiconto PI - USC '!J61 -> 54196
A62: TOTALE CATEGORIA U1.2.4 | E62: =E61 -> 42354 | F62: =F61 -> 42099 | G62: =G61 -> 255 | H62: =H61 -> 42354 | I62: 0 | J62: 0 | K62: =SUM(K61) -> 1129987 | L62: =SUM(L61) -> 1068236 | M62: =SUM(M61) -> 0 | N62: =SUM(N61) -> 61751 | O62: =SUM(O61) -> 54196
A63: U1.2.5 | B63: Categoria 1.2.5 - POSTE CORRETTIVE E COMPENSATIVE DI ENTRATE CORRENTI
A64: U125/10 | B64: Restituzioni e rimborsi diversi | E64: 0 | F64: 0 | G64: =H64-F64 -> 0 | H64: =E64-J64 -> 0 | I64: 0 | J64: 0 | K64: =H64+'Stampa rendiconto PI - USC '!H64 -> 15000 | L64: =F64+'Stampa rendiconto PI - USC '!I64 -> 0 | M64: 0 | N64: =K64-L64 -> 15000 | O64: =G64+'Stampa rendiconto PI - USC '!J64 -> 0
A65: TOTALE CATEGORIA U1.2.5 | E65: =E64 -> 0 | F65: =F64 -> 0 | G65: =G64 -> 0 | H65: =H64 -> 0 | I65: =I64 -> 0 | J65: =J64 -> 0 | K65: =SUM(K64) -> 15000 | L65: =SUM(L64) -> 0 | M65: =SUM(M64) -> 0 | N65: =SUM(N64) -> 15000 | O65: =SUM(O64) -> 0
A66: U1.2.6 | B66: Categoria 1.2.6 - USCITE NON CLASSIFICABILI IN ALTRE VOCI
A67: U126/10 | B67: Spese per liti, arbitraggi, risarcimenti ed accessori | E67: 104748 | F67: =ROUND(19832.75,0) -> 19833 | G67: =H67-F67 -> 84915 | H67: =E67 -> 104748 | I67: 0 | J67: 0 | K67: =H67+'Stampa rendiconto PI - USC '!H67 -> 104748 | L67: =F67+'Stampa rendiconto PI - USC '!I67 -> 19833 | M67: 0 | N67: =K67-L67 -> 84915 | O67: =G67+'Stampa rendiconto PI - USC '!J67 -> 84915
A68: U126/20 | B68: Fondo di riserva | E68: 0 | F68: 0 | G68: =H68-F68 -> 0 | H68: =E68 -> 0 | I68: 0 | J68: 0 | K68: =H68+'Stampa rendiconto PI - USC '!H68 -> 200000 | L68: =F68+'Stampa rendiconto PI - USC '!I68 -> 0 | M68: 0 | N68: =K68-L68 -> 200000 | O68: =G68+'Stampa rendiconto PI - USC '!J68 -> 0
A69: U126/30 | B69: Oneri vari straordinari | E69: 0 | F69: 0 | G69: =H69-F69 -> 0 | H69: =E69 -> 0 | I69: 0 | J69: 0 | K69: =H69+'Stampa rendiconto PI - USC '!H69 -> 308863 | L69: =F69+'Stampa rendiconto PI - USC '!I69 -> 308863 | M69: 0 | N69: =K69-L69 -> 0 | O69: =G69+'Stampa rendiconto PI - USC '!J69 -> 0
A70: U126/40 | B70: Spese per realizzo delle entrate | E70: 0 | F70: 0 | G70: =H70-F70 -> 0 | H70: =E70 -> 0 | I70: 0 | J70: 0 | K70: =H70+'Stampa rendiconto PI - USC '!H70 -> 0 | L70: =F70+'Stampa rendiconto PI - USC '!I70 -> 0 | M70: 0 | N70: =K70-L70 -> 0 | O70: =G70+'Stampa rendiconto PI - USC '!J70 -> 0
A71: TOTALE CATEGORIA U1.2.6 | E71: =SUM(E67:E70) -> 104748 | F71: =SUM(F67:F70) -> 19833 | G71: =SUM(G67:G70) -> 84915 | H71: =SUM(H67:H70) -> 104748 | I71: 0 | J71: 0 | K71: =SUM(K67:K70) -> 613611 | L71: =SUM(L67:L70) -> 328696 | M71: =SUM(M67:M70) -> 0 | N71: =SUM(N67:N70) -> 284915 | O71: =SUM(O67:P70) -> 84915
A72: U1.3.1 | B72: Categoria 1.3.1 - ONERI PER IL PERSONALE IN QUIESCENZA
A73: U131/10 | B73: Pensioni ed altri oneri similari a carico dell'Autorità Portuale | E73: 0 | F73: 0 | G73: 0 | H73: 0 | I73: 0 | J73: 0 | K73: =H73+'Stampa rendiconto PI - USC '!H73 -> 0 | L73: 0 | M73: 0 | N73: 0 | O73: 0
A74: TOTALE CATEGORIA U1.3.1 | E74: 0 | F74: 0 | G74: 0 | H74: 0 | I74: 0 | J74: 0 | K74: 0 | L74: 0 | M74: 0 | N74: 0 | O74: 0
A75: U1.3.2 | B75: Categoria 1.3.2 - ACCANTONAMENTO AL TRATTAMENTO DI FINE RAPPPORTO (CONTRIBUTO A.P.)
A76: U132/10 | B76: Accantonamento al trattamento di fine rapporto (contributo A.P.) | E76: 0 | F76: 0 | G76: 0 | H76: 0 | I76: 0 | J76: 0 | K76: =H76+'Stampa rendiconto PI - USC '!H76 -> 0 | L76: 0 | M76: 0 | N76: 0 | O76: 0
A77: TOTALE CATEGORIA U1.3.2 | E77: 0 | F77: 0 | G77: 0 | H77: 0 | I77: 0 | J77: 0 | K77: 0 | L77: 0 | M77: 0 | N77: 0 | O77: 0
A78: U1.4.1 | B78: Categoria 1.4.1 - FONDO RISCHI E ONERI
A79: U141/10 | B79: Fondo rischi e oneri | E79: 0 | F79: 0 | G79: 0 | H79: 0 | I79: 0 | J79: 0 | K79: =H79+'Stampa rendiconto PI - USC '!H79 -> 0 | L79: 0 | M79: 0 | N79: 0 | O79: 0
A80: TOTALE CATEGORIA U1.4.1 | E80: 0 | F80: 0 | G80: 0 | H80: 0 | I80: 0 | J80: 0 | K80: 0 | L80: 0 | M80: 0 | N80: 0 | O80: 0
A81: U1.5.1 | B81: Categoria 1.5.1 - ACCANTONAMENTI A FONDI RISCHI E ONERI
A82: U151/10 | B82: Accantonamenti a fondi rischi ed oneri | E82: 0 | F82: 0 | G82: 0 | H82: 0 | I82: 0 | J82: 0 | K82: =H82+'Stampa rendiconto PI - USC '!H82 -> 0 | L82: 0 | M82: 0 | N82: 0 | O82: 0
A83: TOTALE CATEGORIA U1.5.1 | E83: 0 | F83: 0 | G83: 0 | H83: 0 | I83: 0 | J83: 0 | K83: 0 | L83: 0 | M83: 0 | N83: 0 | O83: 0
A84: TOTALE TITOLO U1 | E84: =E83+E80+E77+E74+E71+E65+E62+E59+E56+E51+E44+E24+E13 -> 2567169 | F84: =F83+F80+F77+F74+F71+F65+F62+F59+F56+F51+F44+F24+F13 -> 2122559 | G84: =G83+G80+G77+G74+G71+G65+G62+G59+G56+G51+G44+G24+G13 -> 442837 | H84: =H83+H80+H77+H74+H71+H65+H62+H59+H56+H51+H44+H24+H13 -> 2565396 | I84: =I83+I80+I77+I74+I71+I65+I62+I59+I56+I51+I44+I24+I13 -> 0 | J84: =J83+J80+J77+J74+J71+J65+J62+J59+J56+J51+J44+J24+J13 -> 1773 | K84: =K83+K80+K77+K74+K71+K65+K62+K59+K56+K51+K44+K24+K13 -> 19871650 | L84: =L83+L80+L77+L74+L71+L65+L62+L59+L56+L51+L44+L24+L13 -> 13459980 | ... P84: =P83+P80+P77+P74+P71+P65+P62+P59+P56+P51+P44+P24+P13 -> 0
A85: U2 | B85: UPB 2 - TITOLO II - USCITE IN CONTO CAPITALE
A86: U2.1.1 | B86: Categoria 2.1.1 - ACQUISIZIONE DI BENI DI USO DUREVOLE ED OPERE IMMOBILIARI E INVESTIMENTI
A87: U211/10 | B87: Acquisizione, costruzione, trasformazione di opere portuali ed immobiliari - approfondimento fondali | E87: 51091251 | F87: =ROUND(11919921.61,0) -> 11919922 | G87: =H87-F87 -> 39171329 | H87: =E87-J87 -> 51091251 | I87: 0 | J87: 0 | K87: 89875000 | L87: =F87+'Stampa rendiconto PI - USC '!I87 -> 26782414 | M87: 0 | N87: =K87-L87 -> 63092586 | O87: =G87+'Stampa rendiconto PI - USC '!J87 -> 111228266
A88: U211/20 | B88: Prestazione di terzi per manutenzioni straordinarie delle parti comuni in ambito portuale, compresa la manutenzione dei fondali | E88: 0 | F88: 0 | G88: =H88-F88 -> 0 | H88: =E88 -> 0 | I88: 0 | J88: 0 | K88: =H88+'Stampa rendiconto PI - USC '!H88 -> 1000000 | L88: =F88+'Stampa rendiconto PI - USC '!I88 -> 0 | M88: 0 | N88: =K88-L88 -> 1000000 | O88: =G88+'Stampa rendiconto PI - USC '!J88 -> 0
A89: U211/30 | B89: Azioni per lo sviluppo strategico del porto - studi, progettazioni, investimenti, ricerche logistica | E89: 2267628 | F89: =ROUND(1914926.51,0) -> 1914927 | G89: =H89-F89 -> 279764 | H89: =E89-J89 -> 2194691 | I89: 0 | J89: =72937 -> 72937 | K89: =H89+'Stampa rendiconto PI - USC '!H89 -> 3934691 | L89: =F89+'Stampa rendiconto PI - USC '!I89 -> 1956633 | M89: 0 | N89: =K89-L89 -> 1978058 | O89: =G89+'Stampa rendiconto PI - USC '!J89 -> 289185
A90: U211/40 | B90: Manutenzione straordinaria immbile sede ex art. 1, comma 618, L.F. 2008 | E90: 0 | F90: 0 | G90: =H90-F90 -> 0 | H90: =E90 -> 0 | I90: 0 | J90: 0 | K90: =H90+'Stampa rendiconto PI - USC '!H90 -> 0 | L90: =F90+'Stampa rendiconto PI - USC '!I90 -> 0 | M90: 0 | N90: =K90-L90 -> 0 | O90: =G90+'Stampa rendiconto PI - USC '!J90 -> 0
A91: TOTALE CATEGORIA U2.1.1 | E91: =SUM(E87:E90) -> 53358879 | F91: =SUM(F87:F90) -> 13834849 | G91: =SUM(G87:G90) -> 39451093 | H91: =SUM(H87:H90) -> 53285942 | I91: =SUM(I87:I90) -> 0 | J91: =SUM(J87:J90) -> 72937 | K91: =SUM(K87:K90) -> 94809691 | L91: =SUM(L87:L90) -> 28739047 | M91: 0 | N91: =SUM(N87:N90) -> 66070644 | O91: =SUM(O87:P90) -> 111517451
A92: U2.1.2 | B92: Categoria 2.1.2 - ACQUISIZIONE DI IMMOBILIZZAZIONI TECNICHE
A93: U212/10 | B93: Acquisto di attrezzature e macchinari | E93: 332680 | F93: =ROUND(315820.18,0) -> 315820 | G93: =H93-F93 -> 16860 | H93: =E93 -> 332680 | I93: 0 | J93: 0 | K93: =H93+'Stampa rendiconto PI - USC '!H93 -> 582680 | L93: =F93+'Stampa rendiconto PI - USC '!I93 -> 419719 | M93: 0 | N93: =K93-L93 -> 162961 | O93: =G93+'Stampa rendiconto PI - USC '!J93 -> 16870
A94: U212/20 | B94: Acquisto autoveicoli e motoveicoli e parti di ricambio degli stessi | E94: 0 | F94: 0 | G94: =H94-F94 -> 0 | H94: =E94 -> 0 | I94: 0 | J94: 0 | K94: =H94+'Stampa rendiconto PI - USC '!H94 -> 0 | L94: =F94+'Stampa rendiconto PI - USC '!I94 -> 0 | M94: 0 | N94: =K94-L94 -> 0 | O94: =G94+'Stampa rendiconto PI - USC '!J94 -> 0
A95: U212/30 | B95: Acquisto mezzi nautici e parti di ricambio degli stessi | E95: 0 | F95: 0 | G95: =H95-F95 -> 0 | H95: =E95 -> 0 | I95: 0 | J95: 0 | K95: =H95+'Stampa rendiconto PI - USC '!H95 -> 0 | L95: =F95+'Stampa rendiconto PI - USC '!I95 -> 0 | M95: 0 | N95: =K95-L95 -> 0 | O95: =G95+'Stampa rendiconto PI - USC '!J95 -> 0
A96: U212/40 | B96: Acquisto di beni immateriali (progetti, brevetti, ecc) | E96: 470594 | F96: =ROUND(398814.46,0) -> 398814 | G96: =H96-F96 -> 605 | H96: =E96-J96 -> 399419 | I96: 0 | J96: 71175 | K96: =H96+'Stampa rendiconto PI - USC '!H96 -> 4539919 | L96: =F96+'Stampa rendiconto PI - USC '!I96 -> 2173381 | M96: 0 | N96: =K96-L96 -> 2366538 | O96: =G96+'Stampa rendiconto PI - USC '!J96 -> 1504032
A97: U212/50 | B97: Acquisto di mobili e macchine di ufficio | E97: 18677 | F97: =ROUND(5.59,0) -> 6 | G97: =H97-F97 -> 18671 | H97: =E97-J97 -> 18677 | I97: 0 | J97: 0 | K97: =H97+'Stampa rendiconto PI - USC '!H97 -> 318677 | L97: =F97+'Stampa rendiconto PI - USC '!I97 -> 1155 | M97: 0 | N97: =K97-L97 -> 317522 | O97: =G97+'Stampa rendiconto PI - USC '!J97 -> 18671
A98: TOTALE CATEGORIA U2.1.2 | E98: =SUM(E93:E97) -> 821951 | F98: =SUM(F93:F97) -> 714640 | G98: =SUM(G93:G97) -> 36136 | H98: =SUM(H93:H97) -> 750776 | I98: 0 | J98: =SUM(J93:J97) -> 71175 | K98: =SUM(K93:K97) -> 5441276 | L98: =SUM(L93:L97) -> 2594255 | M98: 0 | N98: =SUM(N93:N97) -> 2847021 | O98: =SUM(O93:P97) -> 1539573
A99: U2.1.3 | B99: Categoria 2.1.3 - PARTECIPAZIONI ED ACQUISTO DI VALORI MOBILIARI
A100: U213/10 | B100: Sottoscrizioni ed acquisti di partecipazioni azionarie | E100: 0 | F100: 0 | G100: =H100-F100 -> 0 | H100: =E100 -> 0 | I100: 0 | J100: 0 | K100: =H100+'Stampa rendiconto PI - USC '!H100 -> 47500 | L100: =F100+'Stampa rendiconto PI - USC '!I100 -> 0 | M100: 0 | N100: =K100-L100 -> 47500 | O100: =G100+'Stampa rendiconto PI - USC '!J100 -> 0
A101: U213/20 | B101: Partecipazione a progetti Europei, Nazionali e Regionali | E101: 3700453 | F101: =ROUND(72851.53,0) -> 72852 | G101: =H101-F101 -> 260651 | H101: =E101-J101 -> 333503 | I101: 0 | J101: 3366950 | K101: =H101+'Stampa rendiconto PI - USC '!H101 -> 753503 | L101: =F101+'Stampa rendiconto PI - USC '!I101 -> 134002 | M101: 0 | N101: =K101-L101 -> 619501 | O101: =G101+'Stampa rendiconto PI - USC '!J101 -> 260653
...
